 Dungeon Crawl Stone Soup version 0.28-a0-683-ga8797d1ae1 (webtiles) character file.

Game seed: 15738667187224563576

2193398 lawman0 the Executioner (level 27, 179/179 HPs)
             Began as a Gnoll Delver on Oct 16, 2021.
             Was a High Priest of Hepliaklqana.
             Escaped with the Orb
             ... and 4 runes on Oct 18, 2021!
             The game lasted 06:02:59 (80331 turns).

lawman0 the Executioner (Gnoll Delver)             Turns: 80331, Time: 06:03:00

Health: 179/179    AC: 34    Str: 21    XL:     27
Magic:  49/49      EV: 29    Int: 23    God:    Hepliaklqana [*****.]
Gold:   2085       SH: 17    Dex: 24    Spells: 5/71 levels left

rFire   + + +      SeeInvis +   b - +9 demon trident (elec)
rCold   + + +      Faith    .   J - +0 kite shield
rNeg    + . .      Spirit   .   L - +9 ice dragon scales
rPois   .          Reflect  .   z - +2 hood of the Assassin {Detection Stab+ Stlth++}
rElec   +          Harm     .   H - scarf {rC+ rF+}
rCorr   .          Rampage  .   c - +1 pair of gloves {Stlth+}
Will    +++..                   v - +2 pair of boots "Deuwuh" {Will+}
Stlth   ++........              d - macabre finger necklace {rN+}
HPRegen 0.39/turn               m - ring of the Cricket {rElec rF++ Dex+6, ring of clearing zot}
MPRegen 0.31/turn               q - ring "Gunam" {Str+6 Dex+2 Slay+2 SInv Stlth+}
                                r - ring of Nelarrec {Drain rElec EV+4 Int+4 Slay+6}

@: hasted (expiring), glowing, studying 4 skills, very quick
A: reduced essence, fangs 1, strong nose, distributed training, agile 1, fire
resistance 1, frail 1
0: Orb of Zot
}: 4/15 runes: barnacled, slimy, silver, gossamer
a: Renounce Religion, Recall Ancestor, Ancestor Identity, Transference, Idealise


You escaped.
You worshipped Hepliaklqana.
Hepliaklqana was extremely pleased with you.
You visited 12 branches of the dungeon, and saw 57 of its levels.
You visited 1 bazaar.
You also visited: Trove, Bailey and Ice Cave.

You collected 9582 gold pieces.
You spent 7497 gold pieces at shops.

Inventory:

Hand Weapons
 a - the +3 sling "Punk" {acid, rCorr}
   (You found it on level 5 of the Pits of Slime)

   Any ammunition fired from it is coated in acid, damaging and corroding those
   it strikes.
   rCorr:     It protects you from acid and corrosion.
 b - a +9 demon trident of electrocution (weapon)
Missiles
 n - 19 javelins (quivered)
 o - 360 sling bullets
 s - 5 throwing nets
 Z - 5 silver javelins
Armour
 c - a +1 pair of gloves of stealth (worn)
 v - the +2 pair of boots "Deuwuh" (worn) {Will+}
   (You found it on level 2 of the Depths)

   Will:      It increases your willpower.
 z - the +2 hood of the Assassin (worn) {Detection Stab+ Stlth++}
   (You found it on level 7 of the Dungeon)

   It allows the wearer to sense nearby creatures.
   It allows the wearer to make particularly effective stabbing attacks against
   helpless or unaware enemies with any weapon.
   Stlth:     It makes you much more stealthy.
 H - a scarf of resistance (worn)
 J - a +0 kite shield (worn)
 L - +9 ice dragon scales (worn)
Jewellery
 d - the macabre finger necklace (around neck) {rN+}
   (You found it on level 5 of the Pits of Slime)

   [amulet of nothing]

   It enables you to equip an extra ring.
   rN:        It protects you from negative energy.
 m - the ring of the Cricket (left hand) {rElec rF++ Dex+6, ring of clearing zot}
   (You bought it in a shop in a bazaar)

   [ring of dexterity]

   Dex:       It affects your dexterity (+6).
   rF:        It greatly protects you from fire.
   rElec:     It insulates you from electricity.
 q - the ring "Gunam" (right hand) {Str+6 Dex+2 Slay+2 SInv Stlth+}
   (You found it on level 2 of the Depths)

   [ring of strength]

   Str:       It affects your strength (+6).
   Dex:       It affects your dexterity (+2).
   Slay:      It affects your accuracy & damage with ranged weapons and melee
   (+2).
   SInv:      It lets you see invisible.
   Stlth:     It makes you more stealthy.
 r - the ring of Nelarrec (on amulet) {Drain rElec EV+4 Int+4 Slay+6}
   (You found it on level 5 of the Pits of Slime)

   [ring of evasion]

   EV:        It affects your evasion (+4).
   Int:       It affects your intelligence (+4).
   Slay:      It affects your accuracy & damage with ranged weapons and melee
   (+6).
   rElec:     It insulates you from electricity.
   Drain:     It drains your maximum health when unequipped.
 R - a ring of flight
Wands
 p - a wand of flame (65)
 t - a wand of polymorph (59)
 x - a wand of iceblast (28)
 B - a wand of acid (5)
 F - a wand of mindburst (32)
 G - a wand of paralysis (19)
Scrolls
 y - 3 scrolls of amnesia
 A - 13 scrolls of vulnerability
 D - a scroll of blinking
 N - 39 scrolls of identify
 T - 6 scrolls of fear
 U - 7 scrolls of silence
 W - 11 scrolls of immolation
Potions
 e - 3 potions of resistance
 f - 4 potions of magic
 h - 7 potions of haste
 i - 13 potions of curing
 j - 18 potions of heal wounds
 u - 7 potions of cancellation
 w - 3 potions of invisibility
 E - 11 potions of flight
 I - 3 potions of brilliance
 P - 6 potions of mutation
 Q - 7 potions of ambrosia
Miscellaneous
 l - a phial of floods
 K - a phantom mirror
 O - a lightning rod (4/4)
 S - a tin of tremorstones (2/2)
 V - a condenser vane
 Y - a piece from Xom's chessboard (15/15)


   Skills:
 + Level 20.2 Fighting
 + Level 19.3 Short Blades
 + Level 19.3 Long Blades
 + Level 23.3 Axes
 + Level 19.7 Maces & Flails
 + Level 19.3 Polearms
 + Level 19.3 Staves
 + Level 19.3 Slings
 + Level 19.3 Bows
 + Level 19.3 Crossbows
 + Level 20.6 Throwing
 + Level 19.3 Armour
 + Level 19.7 Dodging
 + Level 21.1 Stealth
 + Level 19.3 Shields
 + Level 19.3 Unarmed Combat
 + Level 22.9 Spellcasting
 + Level 16.4 Conjurations
 + Level 17.3 Hexes
 + Level 16.4 Summonings
 + Level 16.4 Necromancy
 + Level 16.4 Translocations
 + Level 16.4 Transmutations
 + Level 16.4 Fire Magic
 + Level 16.4 Ice Magic
 + Level 16.4 Air Magic
 + Level 16.4 Earth Magic
 + Level 16.4 Poison Magic
 + Level 20.8 Invocations
 + Level 19.3 Evocations


You had 5 spell levels left.
You knew the following spells:

 Your Spells              Type           Power      Damage    Failure   Level
a - Starburst             Conj/Fire      40%        6d11      1%          6
b - Apportation           Tloc           100%       N/A       0%          1
c - Borgnjor's Revivific  Necr           40%        N/A       24%         8
d - Iron Shot             Conj/Erth      40%        9d8       1%          6
e - Vampiric Draining     Necr           40%        2d11      0%          3
f - Invisibility          Hex            41%        N/A       1%          6
g - Metabolic Englaciati  Hex/Ice        40%        N/A       1%          5
h - Lee's Rapid Deconstr  Erth           40%        3d21*     1%          5
i - Freezing Cloud        Conj/Ice/Air   40%        6-21      1%          5
j - Dispersal             Tloc           40%        N/A       1%          6
k - Simulacrum            Ice/Necr       40%        N/A       1%          6
l - Blink                 Tloc           N/A        N/A       0%          2
m - Haunt                 Necr/Summ      40%        N/A       3%          7

Your spell library contained the following spells:

 Spells                   Type           Power      Damage    Failure   Level
 Animate Skeleton         Necr           100%       N/A       0%          1
 Beastly Appendage        Tmut           100%       N/A       0%          1
 Foxfire                  Conj/Fire      100%       2x1d9     0%          1
 Magic Dart               Conj           100%       1d8       0%          1
 Pain                     Necr           100%       1d9       0%          1
 Sandblast                Erth           100%       2d20      0%          1
 Sting                    Tmut/Pois      100%       1d8       0%          1
 Summon Small Mammal      Summ           100%       N/A       0%          1
 Call Imp                 Summ           80%        N/A       0%          2
 Corpse Rot               Necr/Air       100%       N/A       0%          2
 Ensorcelled Hibernation  Hex/Ice        100%       N/A       0%          2
 Passwall                 Tmut/Erth      66%        N/A       0%          2
 Poisonous Vapours        Pois/Air       100%       N/A       0%          2
 Searing Ray              Conj           100%       2d8       0%          2
 Slow                     Hex            82%        N/A       0%          2
 Static Discharge         Conj/Air       80%        N/A       0%          2
 Sublimation of Blood     Necr           40%        N/A       0%          2
 Wereblood                Tmut           80%        N/A       0%          2
 Call Canine Familiar     Summ           80%        N/A       0%          3
 Confusing Touch          Hex            82%        N/A       0%          3
 Conjure Flame            Conj/Fire      80%        6-21      0%          3
 Dazzling Flash           Conj/Hex       100%       N/A       0%          3
 Gell's Gravitas          Tloc           40%        N/A       0%          3
 Ignite Poison            Fire/Tmut/Pois 80%        N/A       0%          3
 Inner Flame              Hex/Fire       81%        N/A       0%          3
 Lesser Beckoning         Tloc           80%        N/A       0%          3
 Mephitic Cloud           Conj/Pois/Air  80%        N/A       0%          3
 Ozocubu's Armour         Ice            80%        N/A       0%          3
 Portal Projectile        Hex/Tloc       100%       N/A       0%          3
 Spider Form              Tmut/Pois      40%        N/A       0%          3
 Stone Arrow              Conj/Erth      100%       3d13      0%          3
 Teleport Other           Tloc           80%        N/A       0%          3
 Tukima's Dance           Hex            82%        N/A       0%          3
 Airstrike                Air            40%        N/A       1%          4
 Animate Armour           Summ/Erth      100%       N/A       1%          4
 Animate Dead             Necr           40%        N/A       1%          4
 Cause Fear               Hex            41%        N/A       1%          4
 Dispel Undead            Necr           80%        3d26      1%          4
 Flame Wave               Conj/Fire      80%        3d14      1%          4
 Fulminant Prism          Conj/Hex       40%        3d20      1%          4
 Hailstorm                Conj/Ice       80%        3d16      1%          4
 Ice Form                 Ice/Tmut       80%        N/A       1%          4
 Iskenderun's Mystic Bla  Conj/Tloc      80%        2d16      1%          4
 Leda's Liquefaction      Hex/Erth       40%        N/A       1%          4
 Olgreb's Toxic Radiance  Pois           80%        N/A       1%          4
 Passage of Golubria      Tloc           80%        N/A       1%          4
 Petrify                  Tmut/Erth      80%        N/A       1%          4
 Sticky Flame             Conj/Fire      80%        2d9       1%          4
 Summon Lightning Spire   Summ/Air       80%        N/A       1%          4
 Agony                    Necr           80%        N/A       1%          5
 Alistair's Intoxication  Tmut/Pois      53%        N/A       1%          5
 Blade Hands              Tmut           40%        N/A       1%          5
 Borgnjor's Vile Clutch   Necr/Erth      40%        N/A       1%          5
 Excruciating Wounds      Necr           40%        N/A       1%          5
 Fireball                 Conj/Fire      40%        3d16      1%          5
 Irradiate                Conj/Tmut      40%        3d27      1%          5
 Lightning Bolt           Conj/Air       40%        1d59      1%          5
 Manifold Assault         Tloc           80%        N/A       1%          5
 Silence                  Hex/Air        40%        N/A       1%          5
 Summon Forest            Summ/Tloc      40%        N/A       1%          5
 Summon Mana Viper        Hex/Summ       81%        N/A       1%          5
 Yara's Violent Unravell  Hex/Tmut       40%        3d16      1%          5
 Conjure Ball Lightning   Conj/Air       40%        3x3d13    1%          6
 Death Channel            Necr           40%        N/A       1%          6
 Eringya's Noxious Bog    Tmut/Pois      40%        N/A       1%          6
 Statue Form              Tmut/Erth      53%        N/A       1%          6
 Summon Cactus Giant      Summ           40%        N/A       1%          6
 Ozocubu's Refrigeration  Ice            40%        4d13      3%          7
 Summon Hydra             Summ           40%        N/A       3%          7
 Discord                  Hex            41%        N/A       17%         8
 Disjunction              Tloc           40%        N/A       24%         8
 Ignition                 Fire           40%        3d12      24%         8
 Maxwell's Capacitive Co  Air            40%        ∞         24%         8


Dungeon Overview and Level Annotations

Branches:
Dungeon (15/15)            Temple (1/1) D:5            Lair (6/6) D:10
 Shoals (4/4) Lair:2       Spider (4/4) Lair:3        Slime (5/5) Lair:6
    Orc (2/2) D:12            Elf (3/3) Orc:2        Vaults (5/5) D:13
  Crypt (3/3) Vaults:2       Tomb (0/3) Crypt:3      Depths (4/4) D:15
    Zot (5/5) Depths:4     Bailey (visited)           IceCv (visited)

Altars:
Ashenzari
Cheibriados
Dithmenos
Elyvilon
Fedhas
Gozag
Hepliaklqana
Kikubaaqudgha
Makhleb
Nemelex Xobeh
Okawaru
Qazlal
Ru
Sif Muna
Trog
Uskayaw
Vehumet
Wu Jian
Xom
Yredelemnul
Zin
The Shining One
Beogh
Jiyva
Lugonu

Shops:
D:1 [   Orc:2 ?*[=(   Elf:2 ?   Vaults:4 ?   Vaults:5 =:=*   Depths:3 ?[[

Portals:
Hell: Depths:1 Depths:2 Depths:3 Depths:4
Abyss: Depths:1 Depths:3 Depths:4
Pandemonium: Orc:2 Depths:1 Depths:2 Depths:3
Ziggurat: Depths:1

Annotations:
Elf:2 exclusion: 2 doors
Elf:3 exclusion: 2 doors
Crypt:3 1 exclusion
Depths:2 frogsbabysitter's ghost, adept HOFi
Depths:4 2 exclusions
Zot:2 Tiamat
Zot:4 1 runed translucent door, Iduceuli's ghost, legendary GnFE
Zot:5 1 exclusion


Innate Abilities, Weirdness & Mutations

Your life essence is reduced to manifest your ancestor. (-10% HP)
You have very sharp teeth.
Your uncanny sense of smell can sniff out nearby items.
Your experience applies equally to all skills.
You are agile. (Dex +2)
Your flesh is heat resistant. (rF+)
You are frail. (-10% HP)


Message History

The balrug moves out of view.
You hear a grinding noise.
You hear a grinding noise.
You hear a grinding noise.
Found 14 arrows.
You hear a grinding noise.
You hear a grinding noise.
You hear a grinding noise.
Manelesi has departed this plane of existence.
You hear a grinding noise.
You hear a grinding noise.
You hear a grinding noise.
You hear a grinding noise.
A rat comes into view.
Unknown command.
You hear a grinding noise.
Found 12 gold pieces.
You block the rat's attack.
A cherub comes into view.
It is wielding a +1 scimitar of flaming.
The cherub's human head shouts!
You hear an angry hiss.
You hear a grinding noise.
A frilled lizard and an angel come into view.
The angel is wielding a +2 whip of holy wrath.
Found a kite shield.
Found a staircase leading out of the dungeon.
The angel shouts!
A seraph comes into view.
It is wielding a +7 great sword of flaming.
The seraph shouts!
The cherub sings a powerful hymn!
The angels go into a battle-frenzy!
The seraph shouts a warning to its allies!
You hear an angry hiss.
You hear a hideous shriek!
You hear a screech!
You hear an angry hiss.
You hear a shout! x2
Your extra speed is starting to run out.
You hear a grinding noise.
A neqoxec and a pandemonium lord come into view.
There is a staircase leading out of the dungeon here.
You can't go down here!
The neqoxec shouts!
The seraph gestures.
You have escaped!

###.$..##∩# ####.##r#.####
### #.......#.## #.#.......#
...........# #.#..#^##.#
......).#..######{#{A#.##.#.
.##.....W...#....A{A........
# #.R.#.##....#####A.#l##.#.
##..W# #...#....A#.&.# #332#
#..#.......#.3...# ##g#.#
#....@....#..### ###..#.#
#..#.......#.[## #.....3#
#..#.....#...# #.###..#
##..#####..### #.###..# ##.
.## ..#....# # ## #...3.## #
###...# #. ##g## ## #S


You could see a seraph (strong), Yniytwaf, an angel (strong), 2 cherubim, a
neqoxec and a frilled lizard.

Vanquished Creatures
  the Royal Jelly (Slime:5)
  Dissolution (Slime:3)
  2 ancient liches
  2 orbs of fire (Zot:5)
  3 juggernauts
  Sojobo (Depths:3)
  3 Killer Klowns (Zot:5)
  A curse toe (Zot:5)
  The ghost of Lukheov the Peltast, a veteran DrWn of Okawaru (Vaults:4)
  Frederick (Vaults:5)
  A caustic shrike (Depths:3)
  8 golden dragons
  Jory (Vaults:2)
  Arachne (Spider:4)
  A walking earthen tome (Depths:2)
  An Ice Fiend (Depths:1)
  7 liches
  14 Orb Guardians
  5 titans (Vaults:5)
  16 tentacled monstrosities
  5 krakens (Shoals:2)
  7 quicksilver dragons
  14 acid blobs
  6 deep elf blademasters
  A walking frostbound tome (Depths:3)
  5 ancient champions
  10 death cobs
  Polyphemus (Shoals:4)
  Frances (Spider:2)
  8 shadow dragons
  11 storm dragons
  9 sphinxes
  3 revenants
  4 draconian monks
  6 tengu reavers
  10 frost giants
  5 draconian knights
  3 rockslimes (Slime:5)
  Aizul (Shoals:3)
  15 vault wardens
  13 azure jellies
  3 cacodemons (Depths:2)
  9 ghost moths
  A balrug (Depths:1)
  2 iron dragons
  A spectral caustic shrike (Depths:2)
  A curse skull (Crypt:3)
  6 deep elf sorcerers
  10 fire giants
  4 deep elf elementalists (Elf:3)
  5 draconian shifters
  4 draconian scorchers
  4 emperor scorpions
  A ghoul (Crypt:2)
  2 reapers (Crypt:3)
  2 draconian stormcallers
  2 spriggan defenders
  11 green draconians
  16 ironbound preservers
  A juggernaut skeleton (Crypt:2)
  10 quicksilver oozes
  6 vampire knights
  6 draconian annihilators
  A war gargoyle (Vaults:4)
  25 very ugly things
  9 stone giants
  4 deep elf demonologists
  10 black draconians
  A spectral titan (Crypt:3)
  13 deep elf annihilators
  8 red draconians
  10 white draconians
  4 spark wasps
  9 dire elephants
  Azrael (Spider:1)
  9 yellow draconians
  6 purple draconians
  3 entropy weavers
  4 merfolk javelineers
  A crystal guardian (Vaults:4)
  2 eidola
  15 ettins
  8 jiangshi
  5 merfolk impalers
  7 yaktaur captains
  Josephine (Orc:1)
  7 deep elf death magi
  7 fire dragons
  Fannar (D:12)
  Erolcha (D:13)
  11 deep elf high priests
  9 great orbs of eyes
  A peacekeeper (Vaults:4)
  2 rakshasas
  4 boulder beetles
  8 ironbound thunderhulks
  30 vault guards
  7 hydras
  8 ice dragons
  3 spriggan air magi
  2 ogre magi
  5 ironbound frosthearts
  5 centaur warriors
  An alligator snapping turtle (Shoals:3)
  2 demonspawn (Orc:2)
  A merfolk aquamancer (Shoals:3)
  6 death knights
  2 catoblepae
  23 dancing weapons
  8 deep troll shamans
  6 two-headed ogres
  14 death yaks
  15 deep troll earth magi
  2 tengu warriors
  3 satyrs
  4 vampire magi
  7 orc high priests
  3 spriggan berserkers
  Urug (Orc:1)
  2 hell hogs (Depths:1)
  20 deep elf knights
  2 soul eaters
  5 hell knights
  A spectral dire elephant (Crypt:3)
  A salamander mystic (Depths:2)
  A fire crab (shapeshifter) (D:13)
  7 skeletal warriors
  6 glowing orange brains
  9 iron trolls
  A storm dragon skeleton (Crypt:2)
  13 shadow wraiths
  2 sixfirhies
  A titan skeleton (Crypt:1)
  2 death drakes (shapeshifter) (Vaults:5)
  65 deep trolls
  An orange crystal statue (Zot:5)
  A spectral anaconda (Crypt:3)
  11 sea snakes
  9 flayed ghosts
  A glowing orange brain (shapeshifter) (Vaults:5)
  9 wizards
  4 spectral wolf spiders (Spider:4)
  24 phantasmal warriors
  11 deep elf archers
  A harpy (shapeshifter) (Vaults:1)
  7 necromancers
  5 lindwurms
  33 deep elf pyromancers
  15 ironbound convokers
  3 wolf spider zombies (Spider:4)
  8 orc knights
  24 deep elf zephyrmancers
  7 harpies
  4 fauns
  A frost giant zombie (Vaults:1)
  3 tengu skeletons
  A cyclops (D:13)
  40 ugly things
  14 orb spiders
  3 human zombies
  6 orc sorcerers
  2 centaur zombies
  A shining eye (shapeshifter) (Vaults:5)
  25 wolf spiders
  2 stone giant zombies
  3 shining eyes
  3 salamanders
  15 moths of wrath
  11 manticores
  A sphinx skeleton (Vaults:1)
  6 elephants
  4 merfolk sirens
  A salamander (shapeshifter) (Depths:2)
  2 moths of wrath (shapeshifter) (Vaults:5)
  4 water nymphs
  3 rust devils
  A spriggan zombie (Crypt:2)
  An ice statue (IceCv)
  A guardian serpent (shapeshifter) (Vaults:5)
  2 dire elephant zombies (Crypt:1)
  Maurice (Orc:2)
  3 black mambas
  3 eyes of devastation
  A torpor snail (Spider:2)
  A hellion (D:3)
  20 cane toads
  A smoke demon (Orc:2)
  A gargoyle (D:12)
  12 vault sentinels
  An orange demon (Zot:4)
  A torpor snail (shapeshifter) (Depths:2)
  2 dire elephant skeletons
  3 rime drakes
  7 komodo dragons
  13 freezing wraiths
  7 unseen horrors
  A kobold demonologist (D:12)
  17 yaktaurs
  A black draconian zombie (Crypt:1)
  An ice devil (Depths:1)
  A komodo dragon (shapeshifter) (Vaults:5)
  A hellwing (Depths:1)
  2 alligator snapping turtle skeletons
  An iron troll zombie (Crypt:3)
  2 human skeletons
  2 tengu conjurers
  13 demonic crawlers
  A catoblepas skeleton (Crypt:2)
  A grey draconian skeleton (Crypt:3)
  A troll (shapeshifter) (Vaults:5)
  An iron troll skeleton (Crypt:1)
  6 wolf spider simulacra (Spider:4)
  5 trolls
  2 meliai (D:12)
  3 nameless horrors
  2 hornets (shapeshifter)
  41 jumping spiders
  34 merfolk
  16 polar bears
  81 slime creatures
  2 wind drakes (Shoals:2)
  2 hornets (Spider:4)
  20 blink frogs
  A dream sheep (Lair:6)
  7 snapping turtles
  A moth of wrath zombie (Crypt:3)
  8 flying skulls (Crypt:3)
  A centaur simulacrum (D:15)
  28 tarantellas
  52 redbacks
  4 shadows
  2 deep troll skeletons
  6 water elementals
  A wyvern (Lair:3)
  An ettin skeleton (Crypt:2)
  51 yaks
  10 wraiths
  Eustachio (D:4)
  10 golden eyes (Slime:2)
  8 fire elementals
  2 steam dragons
  3 basilisks
  A catoblepas simulacrum (Crypt:1)
  A neqoxec (Orc:2)
  8 vampire mosquitoes
  A naga zombie (Crypt:1)
  A warg (shapeshifter) (Vaults:3)
  3 wargs
  A hell hound (Spider:1)
  2 floating eyes
  An acid dragon (D:12)
  14 water moccasins
  A faun skeleton (Crypt:1)
  An ogre skeleton (Vaults:3)
  30 orc warriors
  3 hexers
  A blink frog zombie (Crypt:3)
  2 ice beasts
  A swamp dragon zombie (Crypt:1)
  2 sky beasts
  3 black bears
  A necrophage (D:4)
  An ogre (shapeshifter) (Depths:2)
  22 wolves
  3 boggarts (Vaults:3)
  An elephant skeleton (Crypt:2)
  11 ogres
  18 centaurs
  2 kobold brigands (D:9)
  A salamander zombie (Crypt:2)
  An earth elemental (Elf:3)
  9 bullfrogs
  2 gnoll sergeants
  3 scorpions
  A scorpion (shapeshifter) (Depths:2)
  A water moccasin zombie (D:5)
  33 killer bees
  5 wights (D:10)
  3 howler monkeys (D:14)
  2 electric eels (Lair:4)
  A jelly (D:4)
  A hound (D:5)
  22 orc priests
  A centaur skeleton (Crypt:2)
  Crazy Yiuf (D:7)
  2 scorpion zombies
  A bullfrog skeleton (D:7)
  2 iguanas (D:4)
  12 orc wizards
  An ogre zombie (Crypt:2)
  A hound skeleton (D:4)
  A howler monkey zombie (D:8)
  24 gnolls
  A howler monkey skeleton (D:7)
  A river rat (shapeshifter) (Vaults:5)
  4 adders
  An ufetubus (D:5)
  A worm (D:2)
  An orc (shapeshifter) (Depths:2)
  59 orcs
  5 ball pythons
  3 bat zombies (D:5)
  4 endoplasms
  A giant cockroach (D:2)
  A giant cockroach (shapeshifter) (Depths:2)
  4 goblins
  12 hobgoblins
  7 jackals
  19 kobolds
  2 frilled lizards (D:2)
  A frilled lizard zombie (Crypt:3)
  A goblin skeleton (Crypt:1)
  A hobgoblin skeleton (Crypt:3)
  A jackal skeleton (D:4)
  3 rats
  A rat zombie (D:5)
  A plant (Shoals:4)
  5 tentacles (Shoals:2)
2094 creatures vanquished.

Vanquished Creatures (collateral kills)
  An orb of fire (Zot:5)
  A juggernaut (Depths:2)
  2 golden dragons
  An electric golem (Zot:5)
  4 tentacled monstrosities
  7 Orb Guardians
  2 liches
  4 titans
  A quicksilver dragon (Zot:3)
  12 acid blobs
  A sphinx (Vaults:5)
  A storm dragon (Zot:3)
  4 tengu reavers
  A shadow dragon (Zot:1)
  2 revenants (Crypt:3)
  Roxanne (Spider:1)
  2 azure jellies
  A rockslime (Slime:4)
  A deep elf sorcerer (Elf:1)
  3 vault wardens
  2 ghost moths
  A draconian stormcaller (Depths:4)
  2 fire giants
  A draconian scorcher (Zot:2)
  A cacodemon (Zot:4)
  4 spectral caustic shrikes (Depths:2)
  5 quicksilver oozes
  2 stone giants
  A deep elf elementalist (Elf:3)
  4 ironbound preservers
  4 very ugly things
  A deep elf demonologist (Elf:3)
  A deep elf annihilator (Elf:3)
  4 dire elephants (Vaults:3)
  An entropy weaver (Vaults:1)
  3 spark wasps
  A white draconian (Zot:5)
  A yellow draconian (Depths:4)
  Snorg (D:11)
  3 jiangshi
  A merfolk javelineer (Shoals:4)
  A deep elf death mage (Elf:3)
  A great orb of eyes (Vaults:3)
  2 deep elf high priests
  2 fire dragons (Depths:4)
  A merfolk impaler (Shoals:4)
  A spriggan air mage (Depths:4)
  A hydra (Lair:5)
  3 yaktaur captains (Vaults:4)
  3 vault guards (Vaults:5)
  3 boulder beetles
  An ice dragon (Depths:4)
  2 ironbound thunderhulks
  A merfolk avatar (Shoals:4)
  An alligator snapping turtle (Shoals:4)
  3 ironbound frosthearts
  2 merfolk aquamancers
  A two-headed ogre (Orc:1)
  3 dancing weapons
  5 death yaks
  3 centaur warriors
  4 deep troll earth magi
  A vampire mage (Crypt:3)
  A spriggan berserker (Depths:4)
  An orc high priest (Orc:2)
  3 hell knights
  4 deep elf knights (Elf:2)
  2 iron trolls (Depths:2)
  A sixfirhy (D:1)
  A titan skeleton (Vaults:3)
  5 shadow wraiths (Crypt:3)
  20 deep trolls
  4 sea snakes
  A deep elf archer (Elf:3)
  5 orc knights
  2 wizards
  2 phantasmal warriors
  An ironbound convoker (Vaults:3)
  4 harpies
  6 wolf spiders
  4 necromancers
  A wolf spider zombie (Spider:4)
  7 deep elf pyromancers
  A human zombie (Vaults:3)
  A deep elf zephyrmancer (Depths:4)
  An orc sorcerer (Orc:2)
  2 shining eyes
  7 ugly things
  A nameless horror (Vaults:5)
  2 merfolk sirens (Shoals:4)
  2 elephants
  A manticore (Shoals:2)
  6 fauns
  A black mamba (Lair:6)
  A naga mage (Depths:4)
  3 vault sentinels
  5 cane toads
  A storm dragon simulacrum (Vaults:3)
  10 yaktaurs
  A rime drake (Lair:5)
  2 unseen horrors
  A tormentor (Depths:1)
  A freezing wraith (D:12)
  2 demonic crawlers
  3 komodo dragons
  2 red devils
  A merfolk (Shoals:3)
  A troll (Orc:2)
  7 jumping spiders
  A meliai (D:12)
  2 wind drakes
  A queen bee (D:12)
  A wolf spider simulacrum (Spider:4)
  5 dream sheep (Lair:6)
  3 snapping turtles
  4 blink frogs (Lair:4)
  17 slime creatures
  A water elemental (Shoals:1)
  2 air elementals
  A flying skull (Crypt:3)
  A shadow (D:9)
  6 tarantellas
  9 redbacks
  3 yaks
  3 fire elementals (Spider:1)
  A hog (Depths:4)
  7 golden eyes (Slime:2)
  2 wargs
  3 water moccasins
  4 orc warriors
  A black bear (Lair:6)
  2 ogres (shapeshifter) (Depths:2)
  2 sky beasts (D:7)
  6 wolves
  2 tengu (shapeshifter)
  9 centaurs
  2 ogres (D:5)
  3 bullfrogs (Lair:1)
  Blork the orc (D:4)
  2 gnoll sergeants
  A scorpion (D:5)
  6 killer bees
  A vampire bat (Depths:4)
  A centaur zombie (D:5)
  A wolf skeleton (Crypt:3)
  A jelly (D:6)
  3 orc priests
  An iguana (D:5)
  3 orc wizards
  A howler monkey zombie (D:8)
  9 gnolls
  2 adders
  A shadow imp (D:6)
  9 orcs
  2 bat zombies (D:5)
  An endoplasm (D:4)
  4 goblins
  A jackal (D:4)
  4 kobolds
  A butterfly (Lair:4)
  A plant (Shoals:4)
  A tentacle (Shoals:2)
444 creatures vanquished.

Vanquished Creatures (others)
  A tentacled monstrosity (Depths:2)
  A red draconian (Zot:2)
  A deep elf death mage (Elf:1)
  A merfolk aquamancer (Shoals:4)
  4 deep elf knights
  A wizard (Vaults:2)
  A deep elf zephyrmancer (Orc:2)
  2 jumping spiders
  A boggart (Vaults:3)
  A small abomination (Depths:3)
  101 hexers
  4 ancestors
  35 fungi
  258 plants
  50 tentacles (Shoals:2)
462 creatures vanquished.

Grand Total: 3000 creatures vanquished

Notes
Turn   | Place    | Note
-------+----------+-------------------------------------------
     0 | D:5      | lawman0 the Gnoll Delver began the quest for the Orb.
     0 | D:5      | Reached XP level 1. HP: 23/23 MP: 1/1
    12 | D:5      | Found a staircase to the Ecumenical Temple.
   177 | Temple   | Entered the Ecumenical Temple
   278 | Temple   | Became a worshipper of Hepliaklqana the Forgotten
   297 | D:5      | Noticed a water moccasin zombie
   323 | D:4      | Reached XP level 2. HP: 14/29 MP: 2/2
   492 | D:4      | Reached XP level 3. HP: 29/35 MP: 3/3
   553 | D:3      | Found a snail-covered altar of Cheibriados.
   831 | D:3      | Reached * piety under Hepliaklqana
   954 | D:3      | Reached skill level 1 in Invocations
  1267 | D:2      | Reached skill level 1 in Short Blades
  1267 | D:2      | Reached skill level 1 in Long Blades
  1267 | D:2      | Reached skill level 1 in Axes
  1267 | D:2      | Reached skill level 1 in Polearms
  1267 | D:2      | Reached skill level 1 in Staves
  1267 | D:2      | Reached skill level 1 in Slings
  1267 | D:2      | Reached skill level 1 in Bows
  1267 | D:2      | Reached skill level 1 in Crossbows
  1267 | D:2      | Reached skill level 1 in Throwing
  1267 | D:2      | Reached skill level 1 in Armour
  1267 | D:2      | Reached skill level 1 in Shields
  1267 | D:2      | Reached skill level 1 in Unarmed Combat
  1267 | D:2      | Reached skill level 1 in Spellcasting
  1267 | D:2      | Reached skill level 1 in Evocations
  1478 | D:2      | Reached XP level 4. HP: 36/36 MP: 5/5
  2337 | D:3      | Noticed a sky beast
  2364 | D:3      | Killed a sky beast
  2365 | D:3      | Reached skill level 1 in Conjurations
  2365 | D:3      | Reached skill level 1 in Hexes
  2365 | D:3      | Reached skill level 1 in Summonings
  2365 | D:3      | Reached skill level 1 in Necromancy
  2365 | D:3      | Reached skill level 1 in Translocations
  2365 | D:3      | Reached skill level 1 in Transmutations
  2365 | D:3      | Reached skill level 1 in Fire Magic
  2365 | D:3      | Reached skill level 1 in Ice Magic
  2365 | D:3      | Reached skill level 1 in Air Magic
  2365 | D:3      | Reached skill level 1 in Earth Magic
  2365 | D:3      | Reached skill level 1 in Poison Magic
  2365 | D:3      | Reached XP level 5. HP: 19/42 MP: 5/7
  2875 | D:4      | Reached XP level 6. HP: 47/47 MP: 8/8
  2952 | D:4      | Noticed Blork the orc
  2955 | D:4      | Noticed a necrophage
  3426 | D:4      | Noticed Eustachio
  3438 | D:4      | Killed Eustachio
  3439 | D:4      | Reached skill level 2 in Axes
  3439 | D:4      | Reached skill level 5 in Maces & Flails
  3439 | D:4      | Reached skill level 5 in Dodging
  3605 | D:4      | Noticed a black bear
  3613 | D:4      | Killed a black bear
  3614 | D:4      | Reached XP level 7. HP: 50/54 MP: 10/10
  3661 | D:4      | Noticed a steam dragon
  3738 | D:4      | Killed Blork the orc
  4172 | D:5      | Reached skill level 10 in Stealth
  4315 | D:5      | Reached XP level 8. HP: 60/60 MP: 12/12
  4336 | D:5      | Reached skill level 3 in Axes
  5684 | D:5      | Found an ancient bone altar of Kikubaaqudgha.
  5737 | D:6      | Reached ** piety under Hepliaklqana
  5738 | D:6      | Remembered your ancestor Manelesi as a hexer
  6174 | D:6      | Found an opulent altar of Gozag.
  6439 | D:7      | Reached XP level 9. HP: 57/64 MP: 14/14
  6439 | D:7      | Identified the +7 spear of Demand {elec, rF+}
  6576 | D:7      | Reached skill level 4 in Axes
  6801 | D:7      | Found the +2 hood of the Assassin {Detection Stab+ Stlth++}
  6841 | D:7      | oh
  6841 | D:7      | OOO
  7090 | D:7      | Found a runed translucent door.
  7091 | D:7      | Noticed Crazy Yiuf
  7212 | D:7      | Killed Crazy Yiuf
  7344 | D:8      | Found a glowing silver altar of Zin.
  7383 | D:8      | Reached *** piety under Hepliaklqana
  7466 | D:8      | Noticed a troll
  7581 | D:4      | Reached skill level 5 in Invocations
  8014 | D:8      | Reached XP level 10. HP: 61/72 MP: 17/17
  8031 | D:8      | Reached skill level 5 in Short Blades
  8031 | D:8      | Reached skill level 5 in Long Blades
  8031 | D:8      | Reached skill level 5 in Axes
  8031 | D:8      | Reached skill level 5 in Polearms
  8031 | D:8      | Reached skill level 5 in Staves
  8031 | D:8      | Reached skill level 5 in Slings
  8031 | D:8      | Reached skill level 5 in Bows
  8031 | D:8      | Reached skill level 5 in Crossbows
  8031 | D:8      | Reached skill level 5 in Throwing
  8031 | D:8      | Reached skill level 5 in Armour
  8031 | D:8      | Reached skill level 5 in Shields
  8031 | D:8      | Reached skill level 5 in Unarmed Combat
  8031 | D:8      | Reached skill level 5 in Spellcasting
  8031 | D:8      | Reached skill level 5 in Evocations
  9271 | D:9      | Found a burning altar of Makhleb.
  9274 | D:9      | Found a hide-covered altar of Uskayaw.
  9368 | D:10     | Entered Level 10 of the Dungeon
  9382 | D:10     | Noticed a two-headed ogre
  9390 | D:10     | Noticed a two-headed ogre
  9438 | D:9      | Killed a two-headed ogre
  9520 | D:10     | Killed a two-headed ogre
  9609 | D:10     | Reached **** piety under Hepliaklqana
  9727 | D:10     | Reached XP level 11. HP: 78/78 MP: 19/19
  9814 | D:10     | Reached skill level 6 in Axes
  9816 | D:10     | Reached skill level 5 in Conjurations
  9816 | D:10     | Reached skill level 5 in Hexes
  9816 | D:10     | Reached skill level 5 in Summonings
  9816 | D:10     | Reached skill level 5 in Necromancy
  9816 | D:10     | Reached skill level 5 in Translocations
  9816 | D:10     | Reached skill level 5 in Transmutations
  9816 | D:10     | Reached skill level 5 in Fire Magic
  9816 | D:10     | Reached skill level 5 in Ice Magic
  9816 | D:10     | Reached skill level 5 in Air Magic
  9816 | D:10     | Reached skill level 5 in Earth Magic
  9816 | D:10     | Reached skill level 5 in Poison Magic
  9855 | D:10     | Found a staircase to the Lair.
 10040 | Lair:1   | Entered Level 1 of the Lair of Beasts
 10847 | Lair:1   | Identified a scroll of acquirement
 10848 | Lair:1   | Acquired 669 gold pieces
 10963 | Lair:2   | Found a frozen archway.
 10992 | Lair:2   | Reached XP level 12. HP: 41/86 MP: 22/22
 11010 | IceCv    | Entered an ice cave
 11050 | IceCv    | Reached skill level 7 in Axes
 11053 | IceCv    | oh my god
 11311 | IceCv    | Noticed a death yak
 11349 | IceCv    | Killed a death yak
 11389 | IceCv    | Reached skill level 10 in Fighting
 11613 | IceCv    | Noticed a death yak
 11613 | IceCv    | Noticed a death yak
 11613 | IceCv    | Noticed a death yak
 11683 | IceCv    | Killed a death yak
 11768 | IceCv    | Killed a death yak
 11772 | IceCv    | Killed a death yak
 11863 | IceCv    | Noticed an ironbound frostheart
 11863 | IceCv    | Noticed a death yak
 11881 | IceCv    | Killed an ironbound frostheart
 11885 | IceCv    | Noticed an ironbound frostheart
 11900 | IceCv    | Killed a death yak
 11901 | IceCv    | Reached XP level 13. HP: 92/92 MP: 24/24
 11926 | IceCv    | Reached skill level 8 in Axes
 12075 | IceCv    | oh
 12426 | Lair:2   | Found a staircase to the Shoals.
 12869 | Lair:3   | Reached ***** piety under Hepliaklqana
 13229 | Lair:3   | Found a hole to the Spider Nest.
 15985 | Lair:5   | Reached skill level 10 in Maces & Flails
 15985 | Lair:5   | Reached skill level 10 in Dodging
 15985 | Lair:5   | Reached XP level 14. HP: 101/101 MP: 26/26
 16608 | Lair:5   | Reached skill level 9 in Axes
 17115 | Lair:6   | Entered Level 6 of the Lair of Beasts
 17564 | Lair:6   | Reached skill level 10 in Invocations
 17875 | Lair:6   | Learned a level 1 spell: Animate Skeleton
 17877 | Lair:6   | Learned a level 1 spell: Apportation
 17879 | Lair:6   | Learned a level 1 spell: Summon Small Mammal
 18924 | Lair:6   | Found a staircase to the Slime Pits.
 18945 | Lair:6   | Learned a level 3 spell: Confusing Touch
 18962 | Lair:6   | Learned a level 3 spell: Vampiric Draining
 19938 | Lair:6   | Identified the +7 trident of True Grit {vorpal, Fragile rF+
                  | rCorr}
 20416 | D:11     | Found a flagged portal.
 20437 | Bailey   | Entered a bailey
 20599 | Bailey   | Reached ****** piety under Hepliaklqana
 20617 | Bailey   | Reached XP level 15. HP: 96/108 MP: 28/28
 20718 | Bailey   | Reached skill level 10 in Short Blades
 20718 | Bailey   | Reached skill level 10 in Long Blades
 20718 | Bailey   | Reached skill level 10 in Axes
 20718 | Bailey   | Reached skill level 10 in Polearms
 20718 | Bailey   | Reached skill level 10 in Staves
 20718 | Bailey   | Reached skill level 10 in Slings
 20718 | Bailey   | Reached skill level 10 in Bows
 20718 | Bailey   | Reached skill level 10 in Crossbows
 20718 | Bailey   | Reached skill level 10 in Throwing
 20718 | Bailey   | Reached skill level 10 in Armour
 20718 | Bailey   | Reached skill level 10 in Shields
 20718 | Bailey   | Reached skill level 10 in Unarmed Combat
 20718 | Bailey   | Reached skill level 10 in Spellcasting
 20718 | Bailey   | Reached skill level 10 in Evocations
 20718 | Bailey   | Reached XP level 16. HP: 114/114 MP: 28/30
 21095 | D:11     | Noticed Snorg
 21107 | D:11     | Killed Snorg
 21108 | D:11     | Reached XP level 17. HP: 114/119 MP: 28/31
 21815 | D:12     | Found an ornate altar of the Wu Jian Council.
 21995 | D:12     | Found a staircase to the Orcish Mines.
 22014 | D:12     | Noticed Fannar
 22045 | D:12     | Killed Fannar
 23288 | D:13     | Found a gate to the Vaults.
 23651 | D:13     | Noticed Erolcha
 23659 | D:13     | Killed Erolcha
 24664 | D:14     | Identified the +3 plate armour of the Invisible Priests
                  | {Dex+5 SInv}
 24757 | D:14     | Identified the +2 robe "Puage" {Int+4}
 24878 | D:14     | Found a glowing silver altar of Zin.
 24892 | D:15     | Entered Level 15 of the Dungeon
 25344 | D:15     | Found a staircase to the Depths.
 26153 | D:15     | Found a glowing golden altar of the Shining One.
 26165 | D:15     | Learned a level 4 spell: Olgreb's Toxic Radiance
 26576 | D:15     | lol
 26770 | Orc:1    | Entered Level 1 of the Orcish Mines
 26770 | Orc:1    | Noticed Urug
 26771 | Orc:1    | oh
 26792 | Orc:1    | Killed Urug
 27027 | Orc:1    | Noticed Josephine
 27035 | Orc:1    | Killed Josephine
 27330 | Orc:2    | Entered Level 2 of the Orcish Mines
 27450 | Orc:2    | Found Xajacaam's General Store.
 27451 | Orc:2    | Found Erofiot's Magic Scroll Boutique.
 27466 | Orc:2    | Gained mutation: You do not regenerate when monsters are
                  | visible. [a neqoxec]
 27480 | Orc:2    | >:)
 27488 | Orc:2    | Reached skill level 11 in Axes
 27833 | Orc:2    | Found Seics's Jewellery Shoppe.
 27833 | Orc:2    | Found Ylleiplei's Antique Armour Emporium.
 27834 | Orc:2    | Found a one-way gate leading to the halls of Pandemonium.
 27985 | Orc:2    | Found Nosuob's Antique Weapon Shoppe.
 27999 | Orc:2    | Noticed Maurice
 28025 | Orc:2    | Killed Maurice
 28203 | Orc:2    | Reached XP level 18. HP: 127/127 MP: 33/33
 28813 | Orc:2    | Found a staircase to the Elven Halls.
 28911 | Orc:2    | Bought a scroll of teleportation for 48 gold pieces
 28911 | Orc:2    | Bought a scroll of teleportation for 48 gold pieces
 28948 | Orc:2    | Bought a scorched leather armour for 217 gold pieces
 28948 | Orc:2    | Identified the +4 leather armour "Qiur" {Rampage Str+4
                  | Int-5} (You bought it in a shop on level 2 of the Orcish
                  | Mines)
 28948 | Orc:2    | Bought an encrusted scale mail for 279 gold pieces
 28948 | Orc:2    | Identified the +1 scale mail "Axitz" {-Cast rC+ rN+
                  | Will+++} (You bought it in a shop on level 2 of the Orcish
                  | Mines)
 28950 | Orc:2    | wow
 28950 | Orc:2    | that's awful
 28950 | Orc:2    | Bought a pair of gloves for 139 gold pieces
 28994 | Orc:2    | Bought a scroll of identify for 32 gold pieces
 28994 | Orc:2    | Bought a scroll of identify for 32 gold pieces
 28994 | Orc:2    | Bought a scroll of amnesia for 56 gold pieces
 28994 | Orc:2    | Bought a scroll of fear for 56 gold pieces
 28994 | Orc:2    | Bought 3 scrolls of identify for 96 gold pieces
 28996 | Orc:2    | Bought a potion of haste for 170 gold pieces
 28996 | Orc:2    | Bought a scroll of blinking for 127 gold pieces
 28996 | Orc:2    | Bought a scroll of amnesia for 59 gold pieces
 29141 | Shoals:1 | Entered Level 1 of the Shoals
 29202 | Lair:1   | Lost mutation: You do not regenerate when monsters are
                  | visible. [potion of mutation]
 29202 | Lair:1   | Gained mutation: Your flesh is heat resistant. (rF+)
                  | [potion of mutation]
 29202 | Lair:1   | Gained mutation: You are robust. (+10% HP) [potion of
                  | mutation]
 29203 | Lair:1   | woot
 29730 | Shoals:1 | Learned a level 5 spell: Summon Mana Viper
 31518 | Shoals:3 | Noticed Aizul
 31535 | Shoals:3 | Killed Aizul
 31925 | Shoals:4 | Entered Level 4 of the Shoals
 32045 | Shoals:3 | hmm
 32045 | Shoals:3 | bad
 32062 | Shoals:2 | Upgraded the game from 0.28-a0-664-gc179e30c89 to
                  | 0.28-a0-674-gdaf460b524
 32308 | Elf:1    | Entered Level 1 of the Elven Halls
 32329 | Orc:2    | Reached skill level 10 in Conjurations
 32329 | Orc:2    | Reached skill level 10 in Hexes
 32329 | Orc:2    | Reached skill level 10 in Summonings
 32329 | Orc:2    | Reached skill level 10 in Necromancy
 32329 | Orc:2    | Reached skill level 10 in Translocations
 32329 | Orc:2    | Reached skill level 10 in Transmutations
 32329 | Orc:2    | Reached skill level 10 in Fire Magic
 32329 | Orc:2    | Reached skill level 10 in Ice Magic
 32329 | Orc:2    | Reached skill level 10 in Air Magic
 32329 | Orc:2    | Reached skill level 10 in Earth Magic
 32329 | Orc:2    | Reached skill level 10 in Poison Magic
 32403 | Orc:2    | ow
 32588 | Elf:1    | Paralysed by an orc sorcerer for 3 turns
 32690 | Elf:1    | Identified the +2 robe "Miuw" {rN++ Dex-3 Stlth+}
 32825 | Elf:1    | Reached skill level 15 in Stealth
 33077 | Elf:1    | Reached skill level 12 in Axes
 33829 | Elf:2    | Found Niulemmyigh's Magic Scroll Shoppe.
 33935 | Elf:2    | Reached XP level 19. HP: 114/137 MP: 35/35
 33968 | Elf:3    | Entered Level 3 of the Elven Halls
 34590 | Elf:2    | Paralysed by an air elemental for 1 turns
 34661 | Elf:1    | Paralysed by an air elemental for 1 turns
 34787 | Elf:1    | hmm
 34787 | Elf:1    | ope
 34869 | Orc:2    | Bought a +4 ring mail of poison resistance for 476 gold
                  | pieces
 34885 | Orc:2    | Learned a level 5 spell: Metabolic Englaciation
 35038 | Spider:1 | Entered Level 1 of the Spider Nest
 35068 | Spider:1 | Noticed Roxanne
 35088 | Spider:1 | Killed Roxanne
 35138 | Spider:1 | Learned a level 5 spell: Lee's Rapid Deconstruction
 35433 | Spider:1 | Noticed Azrael
 35442 | Spider:1 | Killed Azrael
 35479 | Spider:1 | Learned a level 3 spell: Gell's Gravitas
 36522 | Spider:2 | Noticed Frances
 36527 | Spider:2 | Killed Frances
 38384 | Spider:4 | Entered Level 4 of the Spider Nest
 38429 | Spider:4 | Noticed Arachne
 38450 | Spider:4 | Killed Arachne
 38499 | Spider:4 | Reached XP level 20. HP: 146/160 MP: 20/36
 38569 | Spider:4 | Reached skill level 13 in Axes
 39765 | Spider:4 | Got a gossamer rune of Zot
 39819 | Spider:3 | Learned a level 6 spell: Dispersal
 40386 | Shoals:4 | Noticed Polyphemus
 40410 | Shoals:3 | OW
 40575 | Vaults:1 | Entered Level 1 of the Vaults
 40728 | Vaults:1 | Found a transporter.
 40795 | Vaults:1 | Found a transporter.
 40801 | Vaults:1 | oooh
 40956 | Vaults:1 | Found a portal to a secret trove of treasure.
 41102 | Vaults:1 | Identified the +6 fustibalus "Qaca" {venom, Str+4}
 41103 | Vaults:1 | oh
 41945 | Vaults:1 | sick
 42156 | Vaults:2 | Reached skill level 15 in Fighting
 42170 | Vaults:2 | Reached XP level 21. HP: 150/168 MP: 31/38
 42207 | Vaults:2 | Learned a level 6 spell: Simulacrum
 42352 | Vaults:2 | Noticed Jory
 42509 | Vaults:2 | Found a staircase to the Crypt.
 43673 | Vaults:3 | Reached skill level 14 in Axes
 43702 | Vaults:3 | Reached skill level 15 in Invocations
 44546 | Vaults:3 | Learned a level 5 spell: Yara's Violent Unravelling
 44595 | Vaults:3 | Identified the +4 hand crossbow of Theory {elec, *Slow rF+
                  | Str+6}
 45313 | Vaults:4 | Found Kopnaud's Magic Scroll Emporium.
 45341 | Vaults:4 | Bought a scroll of fog for 24 gold pieces
 45341 | Vaults:4 | Bought a scroll of enchant weapon for 90 gold pieces
 45341 | Vaults:4 | Bought a scroll of teleportation for 36 gold pieces
 45341 | Vaults:4 | Bought a scroll of blinking for 90 gold pieces
 45341 | Vaults:4 | Bought a scroll of teleportation for 36 gold pieces
 45341 | Vaults:4 | Bought a scroll of teleportation for 36 gold pieces
 45341 | Vaults:4 | Bought a scroll of identify for 24 gold pieces
 45341 | Vaults:4 | Bought a scroll of identify for 24 gold pieces
 45695 | Vaults:1 | You paid a toll of 4 scrolls of fog to enter a treasure
                  | trove
 45696 | Trove    | Entered a treasure trove
 45772 | Trove    | Reached XP level 22. HP: 176/176 MP: 40/40
 46162 | Vaults:1 | oh
 46162 | Vaults:1 | lmao
 46162 | Vaults:1 | mm
 46162 | Vaults:1 | mm
 46173 | Vaults:1 | ow
 46180 | Vaults:1 | oops
 46184 | Vaults:1 | Reached skill level 15 in Axes
 46191 | Vaults:1 | Reached skill level 15 in Maces & Flails
 46191 | Vaults:1 | Reached skill level 15 in Dodging
 46199 | Vaults:1 | ok
 46308 | Vaults:1 | hmm
 46319 | Vaults:1 | hmmmmmm
 46323 | Vaults:1 | that's bad
 46464 | Vaults:1 | woot
 46464 | Vaults:1 | \o/
 46482 | Vaults:1 | Identified the ring "Qangosaf" {Ice rPois}
 46496 | Vaults:1 | Identified the amulet of Ivouney {Reflect -Tele Fragile
                  | rC+++ Will+++ SH+5}
 46497 | Vaults:1 | >:(
 46552 | Vaults:1 | when did I pick that up
 46571 | Vaults:1 | >:((((((((((((((((((
 46599 | Vaults:1 | ok
 46599 | Vaults:1 | guess that is enough excitement for now
 46606 | Vaults:1 | Learned a level 6 spell: Iron Shot
 47217 | Vaults:4 | Reached XP level 23. HP: 165/183 MP: 36/41
 47321 | Vaults:4 | Found a runed translucent door.
 47321 | Vaults:4 | Found a shimmering altar of Xom.
 47321 | Vaults:4 | Noticed Lukheov's ghost (veteran DrWn)
 47508 | Vaults:4 | Killed Lukheov's ghost
 48118 | Vaults:4 | Found a gateway to a bazaar.
 48397 | Bazaar   | Entered a bazaar
 48426 | Bazaar   | Found Xosaahuq's Book Shoppe.
 48442 | Bazaar   | Found Dusibe's Assorted Antiques.
 48447 | Bazaar   | Bought a slimy turquoise ring for 120 gold pieces
 48447 | Bazaar   | Identified the ring of the Cricket {rElec rF++ Dex+6} (You
                  | bought it in a shop in a bazaar)
 48447 | Bazaar   | oh
 48447 | Bazaar   | POG
 48462 | Bazaar   | Found Zuymoes's Armour Emporium.
 48520 | Bazaar   | Bought a potion of curing for 72 gold pieces
 48520 | Bazaar   | Bought a potion of curing for 72 gold pieces
 48520 | Bazaar   | Bought a scroll of teleportation for 72 gold pieces
 48520 | Bazaar   | Bought a scroll of teleportation for 72 gold pieces
 48520 | Bazaar   | Bought a scroll of fog for 48 gold pieces
 48536 | Bazaar   | Bought a book of Fire for 528 gold pieces
 48536 | Bazaar   | Bought a book of Party Tricks for 360 gold pieces
 48536 | Bazaar   | Bought a book of Unlife for 432 gold pieces
 48655 | Vaults:4 | Learned a level 6 spell: Starburst
 48902 | Lair:1   | Learned a level 6 spell: Invisibility
 49032 | Shoals:4 | Killed Polyphemus
 49034 | Shoals:4 | Reached skill level 15 in Spellcasting
 49160 | Shoals:4 | oh
 49167 | Shoals:4 | Got a barnacled rune of Zot
 49795 | Shoals:4 | honestly this is pretty based ngl
 50401 | Elf:1    | Reached skill level 16 in Axes
 50592 | Elf:2    | Found a radiant altar of Vehumet.
 50621 | Elf:2    | Identified the +2 helmet of Ejiboek {MP+9 Str+10 Dex-3}
 50622 | Elf:2    | jesus christ
 50624 | Elf:2    | Got the Handbook of Enchantment
 50625 | Elf:2    | based
 50625 | Elf:2    | :(
 50632 | Elf:2    | the helmet of swoleness
 50696 | Elf:2    | Bought a scroll of teleportation for 45 gold pieces
 50696 | Elf:2    | Bought a scroll of holy word for 112 gold pieces
 50696 | Elf:2    | Bought a scroll of teleportation for 45 gold pieces
 50696 | Elf:2    | Bought a scroll of fog for 30 gold pieces
 50754 | Elf:2    | Reached skill level 15 in Short Blades
 50754 | Elf:2    | Reached skill level 15 in Long Blades
 50754 | Elf:2    | Reached skill level 15 in Polearms
 50754 | Elf:2    | Reached skill level 15 in Staves
 50754 | Elf:2    | Reached skill level 15 in Slings
 50754 | Elf:2    | Reached skill level 15 in Bows
 50754 | Elf:2    | Reached skill level 15 in Crossbows
 50754 | Elf:2    | Reached skill level 15 in Throwing
 50754 | Elf:2    | Reached skill level 15 in Armour
 50754 | Elf:2    | Reached skill level 15 in Shields
 50754 | Elf:2    | Reached skill level 15 in Unarmed Combat
 50754 | Elf:2    | Reached skill level 15 in Evocations
 51131 | Elf:2    | Found a runed translucent gate.
 51132 | Elf:2    | Found a runed translucent gate.
 51137 | Elf:2    | Found a runed translucent gate.
 51503 | Elf:3    | ow
 51555 | Elf:3    | Identified the +6 battleaxe of the Tent {spect, Will+
                  | Dex+2}
 51920 | Elf:3    | Identified the ring "Wubitaci" {rElec MP+9 Int+2}
 51950 | Elf:3    | pog
 51955 | Elf:3    | Identified the +2 whip "Fiugajar" {speed, Str+4}
 51973 | Elf:3    | Identified the +6 flail of the Heavens {freeze, rF+}
 51977 | Elf:3    | Reached XP level 24. HP: 124/185 MP: 36/42
 52207 | Elf:3    | ow
 52345 | Elf:3    | pog
 52351 | Elf:3    | Learned a level 5 spell: Freezing Cloud
 52407 | Elf:3    | Identified the +7 dagger of Darkness {speed, Drain rElec
                  | rF+}
 52566 | Elf:3    | oh
 53589 | Crypt:1  | Entered Level 1 of the Crypt
 53664 | Crypt:1  | Reached skill level 17 in Axes
 53887 | Crypt:1  | Acquired 1183 gold pieces
 54772 | Crypt:2  | Identified the +1 plate armour of Ytiu {Regen+}
 55544 | Crypt:3  | Entered Level 3 of the Crypt
 56031 | Crypt:3  | Identified the +3 falchion "Axzet" {flame, *Rage Str+3
                  | Dex+6}
 56389 | Crypt:3  | owned
 56408 | Crypt:3  | Found a basalt altar of Yredelemnul.
 57059 | Crypt:3  | Reached XP level 25. HP: 197/200 MP: 21/44
 57107 | Crypt:3  | Identified the amulet "Ithonal" {rElec rF- Regen+ Str+3}
 57107 | Crypt:3  | Identified the ring "Uxzut" {rN+ Dex+5}
 57107 | Crypt:3  | Identified the ring "Roczueb" {rF+ rN+ Int+2 Dex+4}
 57110 | Crypt:3  | Got Ereshkigal's Tome of Sinister Secrets
 57411 | Crypt:3  | Found a staircase to the Tomb.
 57519 | Vaults:2 | gonna pick up haunt soon
 57616 | Vaults:2 | Killed Jory
 57617 | Vaults:2 | owned
 58026 | Vaults:3 | Reached skill level 18 in Axes
 58052 | Vaults:3 | Learned a level 2 spell: Blink
 58524 | Depths:1 | Entered Level 1 of the Depths
 58524 | Depths:1 | Found a gateway to a ziggurat.
 58593 | Depths:1 | Found a broken altar of Ashenzari.
 58596 | Depths:1 | Found a corrupted altar of Lugonu.
 58597 | Depths:1 | Found a one-way gate to the infinite horrors of the Abyss.
 58668 | Depths:1 | Found a gateway to Hell.
 59038 | Depths:1 | Found a shadowy altar of Dithmenos.
 59039 | Depths:1 | Paralysed by a floating eye for 3 turns
 59046 | Depths:1 | Paralysed by a floating eye for 4 turns
 59056 | Depths:1 | Paralysed by a floating eye for 2 turns
 59062 | Depths:1 | Paralysed by a floating eye for 4 turns
 59068 | Depths:1 | Paralysed by a floating eye for 3 turns
 59383 | Depths:1 | OW
 59958 | Depths:2 | Identified the +7 quarterstaff of War {freeze, Int+6}
 60073 | Depths:2 | Found a runed translucent gate.
 60073 | Depths:2 | Found a runed translucent gate.
 60073 | Depths:2 | Found a runed translucent gate.
 60169 | Depths:2 | Noticed a juggernaut
 61099 | Depths:2 | Killed a juggernaut
 61297 | Depths:2 | what the fuck
 61454 | Depths:2 | Noticed a juggernaut
 61508 | Depths:2 | Killed a juggernaut
 61776 | Depths:2 | Identified the ring "Gunam" {Str+6 Dex+2 Slay+2 SInv
                  | Stlth+}
 61778 | Depths:2 | oh
 61781 | Depths:2 | Identified the +2 pair of boots "Deuwuh" {Will+}
 61885 | Depths:2 | Identified the +3 hand axe of Ytisaefu {vorpal, Contam
                  | rPois rF+ Will+++ Int+3}
 61886 | Depths:2 | Identified the +0 leather armour "Icuecal" {Drain Regen+
                  | rCorr Int+8}
 61937 | Depths:2 | Got the Incunabulum of Dark Arts
 62495 | Depths:2 | Reached skill level 19 in Axes
 62512 | Depths:2 | Reached XP level 26. HP: 159/210 MP: 4/45
 62515 | Depths:2 | Found a runed translucent gate.
 62515 | Depths:2 | Found a runed translucent gate.
 62528 | Depths:2 | Found a runed translucent gate.
 62528 | Depths:2 | Noticed frogsbabysitter's ghost (adept HOFi)
 62544 | Depths:2 | Identified the +0 pair of gloves of Shielding {Contam Fly
                  | rElec rF- SInv}
 62867 | Depths:3 | Noticed a juggernaut
 63506 | Depths:3 | Found Suecakhla's Magic Scroll Emporium.
 63508 | Depths:3 | Found Ykellionn's Armour Shoppe.
 63510 | Depths:3 | Found Poysugh's Armour Emporium.
 63514 | Depths:3 | Bought a scroll of enchant armour for 112 gold pieces
 63514 | Depths:3 | Bought a scroll of teleportation for 45 gold pieces
 63514 | Depths:3 | Bought a scroll of fog for 30 gold pieces
 63514 | Depths:3 | Bought a scroll of teleportation for 45 gold pieces
 63514 | Depths:3 | Bought a scroll of fear for 52 gold pieces
 63514 | Depths:3 | Bought a scroll of teleportation for 45 gold pieces
 63527 | Depths:3 | Bought a +1 pair of gloves for 253 gold pieces
 63574 | Depths:3 | Noticed Sojobo
 63577 | Depths:3 | Killed Sojobo
 63578 | Depths:3 | lol owned
 63635 | Depths:3 | my god
 64130 | Depths:4 | Entered Level 4 of the Depths
 64272 | Depths:4 | Got the Catalogue of Changing
 64741 | Depths:4 | Noticed a juggernaut
 64810 | Depths:4 | Killed a juggernaut
 65104 | Depths:4 | Acquired 615 gold pieces
 65119 | Depths:4 | Reached skill level 20 in Axes
 65476 | Depths:4 | Found a gate to the Realm of Zot.
 65588 | Depths:4 | Learned a level 7 spell: Haunt
 66382 | Slime:1  | Entered Level 1 of the Pits of Slime
 67535 | Slime:3  | Noticed Dissolution
 67537 | Slime:3  | oh sup
 67543 | Slime:3  | Killed Dissolution
 67544 | Slime:3  | Reached XP level 27. HP: 219/219 MP: 26/46
 67544 | Slime:3  | owned
 68822 | Slime:5  | Entered Level 5 of the Pits of Slime
 68883 | Slime:5  | Noticed the Royal Jelly
 69784 | Slime:5  | Found a viscous altar of Jiyva.
 69786 | Slime:5  | Found the macabre finger necklace {rN+}
 69787 | Slime:5  | Found the +3 sling "Punk" {acid, rCorr}
 69792 | Slime:5  | yes
 69792 | Slime:5  | YES
 69841 | Slime:5  | Killed the Royal Jelly
 69842 | Slime:5  | Reached skill level 15 in Conjurations
 69842 | Slime:5  | Reached skill level 15 in Hexes
 69842 | Slime:5  | Reached skill level 15 in Summonings
 69842 | Slime:5  | Reached skill level 15 in Necromancy
 69842 | Slime:5  | Reached skill level 15 in Translocations
 69842 | Slime:5  | Reached skill level 15 in Transmutations
 69842 | Slime:5  | Reached skill level 15 in Fire Magic
 69842 | Slime:5  | Reached skill level 15 in Ice Magic
 69842 | Slime:5  | Reached skill level 15 in Air Magic
 69842 | Slime:5  | Reached skill level 15 in Earth Magic
 69842 | Slime:5  | Reached skill level 15 in Poison Magic
 69975 | Slime:5  | Got a slimy rune of Zot
 69976 | Slime:5  | yes
 69976 | Slime:5  | YES
 70010 | Slime:5  | Identified the ring of Nelarrec {Drain rElec EV+4 Int+4
                  | Slay+6}
 70012 | Slime:5  | oh my
 70057 | Slime:5  | Identified the +3 arbalest of Sloth {vorpal, rElec rPois}
 70069 | Slime:5  | Identified the +2 robe of Reason {Rampage rC+}
 70175 | Slime:5  | Upgraded the game from 0.28-a0-674-gdaf460b524 to
                  | 0.28-a0-683-ga8797d1ae1
 70785 | Lair:1   | yes
 71011 | Vaults:5 | Entered Level 5 of the Vaults
 71029 | Vaults:5 | Noticed an ancient lich
 71041 | Vaults:5 | Killed an ancient lich
 71083 | Vaults:5 | Noticed Frederick
 71094 | Vaults:5 | Killed Frederick
 71095 | Vaults:5 | Reached skill level 21 in Axes
 71105 | Vaults:5 | Acquired a +1 pair of gloves of stealth
 71174 | Vaults:5 | Got the Disquisition on Bewitchment and Stolen Souls
 71236 | Vaults:5 | Identified the +1 leather armour of Living Tender Moments
                  | {rF- Str+4 Dex+3}
 71931 | Vaults:5 | Found Qusch's Jewellery Shoppe.
 72446 | Vaults:5 | Found Uzexzeum's Jewellery Shoppe.
 72470 | Vaults:5 | Got a silver rune of Zot
 72501 | Vaults:5 | Found Iqiqeeg's Book Shoppe.
 72502 | Vaults:5 | Found Asyak's General Store.
 72518 | Vaults:5 | Bought a potion of magic for 120 gold pieces
 72523 | Vaults:5 | Bought a manual of Hexes for 1280 gold pieces
 72523 | Vaults:5 | Bought a book of the Senses for 512 gold pieces
 72523 | Vaults:5 | Bought a book of Chaos for 800 gold pieces
 73187 | Vaults:5 | Learned a level 8 spell: Borgnjor's Revivification
 73960 | Depths:3 | Killed a juggernaut
 74198 | Zot:1    | Entered Level 1 of the Realm of Zot
 75306 | Zot:1    | Reached skill level 22 in Axes
 75653 | Zot:2    | Found the +4 dragonskin cloak
 75653 | Zot:2    | Noticed Tiamat
 75654 | Zot:2    | oh
 76700 | Zot:3    | haha yes
 77518 | Zot:4    | Noticed Iduceuli's ghost (legendary GnFE)
 77518 | Zot:4    | Found a runed translucent door.
 77518 | Zot:4    | Found a shimmering altar of Xom.
 78019 | Zot:4    | Found a blossoming altar of Fedhas.
 78405 | Zot:5    | Entered Level 5 of the Realm of Zot
 78407 | Zot:5    | shame I never found darkness
 78660 | Zot:5    | ok
 78660 | Zot:5    | hmmm
 78735 | Zot:5    | Noticed an ancient lich
 78746 | Zot:5    | Killed an ancient lich
 78816 | Zot:5    | Noticed an orb of fire
 78817 | Zot:5    | Noticed an orb of fire
 78817 | Zot:5    | NOPE
 78826 | Zot:5    | Killed an orb of fire
 78846 | Zot:5    | Gained mutation: You are weak. (Str -2) [an orb of fire]
 78907 | Zot:5    | Killed an orb of fire
 78908 | Zot:5    | Reached skill level 23 in Axes
 78908 | Zot:5    | fc
 79189 | Zot:5    | wow
 79248 | Zot:5    | Noticed an orb of fire
 79256 | Zot:5    | Gained mutation: You occasionally shout uncontrollably at
                  | your foes. [an orb of fire]
 79287 | Zot:5    | Killed an orb of fire
 79307 | Zot:5    | Lost mutation: You are weak. (Str -2) [potion of mutation]
 79307 | Zot:5    | Gained mutation: You do not regenerate when monsters are
                  | visible. [potion of mutation]
 79308 | Zot:5    | Lost mutation: You occasionally shout uncontrollably at
                  | your foes. [potion of mutation]
 79308 | Zot:5    | Lost mutation: You are robust. (+10% HP) [potion of
                  | mutation]
 79308 | Zot:5    | Lost mutation: Your flesh is heat resistant. (rF+) [potion
                  | of mutation]
 79308 | Zot:5    | Gained mutation: You are weak. (Str -2) [potion of
                  | mutation]
 79308 | Zot:5    | Gained mutation: You are agile. (Dex +2) [potion of
                  | mutation]
 79308 | Zot:5    | Gained mutation: Your spells are a little harder to cast,
                  | but a little more powerful. [potion of mutation]
 79309 | Zot:5    | Lost mutation: You are weak. (Str -2) [potion of mutation]
 79309 | Zot:5    | Lost mutation: Your spells are a little harder to cast, but
                  | a little more powerful. [potion of mutation]
 79309 | Zot:5    | Lost mutation: You do not regenerate when monsters are
                  | visible. [potion of mutation]
 79309 | Zot:5    | Gained mutation: You sometimes lose the ability to read
                  | scrolls when taking damage. [potion of mutation]
 79309 | Zot:5    | Gained mutation: Your spells are a little harder to cast,
                  | but a little more powerful. [potion of mutation]
 79358 | Zot:5    | Identified the +7 long sword "Xuavawou" {vorpal, rN+}
 79484 | Zot:5    | Noticed an orb of fire
 79546 | Zot:5    | Got the Orb of Zot
 79664 | Depths:4 | Gained mutation: You are frail. (-10% HP) [mutagenic glow]
 79665 | Depths:4 | Lost mutation: Your spells are a little harder to cast, but
                  | a little more powerful. [potion of mutation]
 79665 | Depths:4 | Lost mutation: You sometimes lose the ability to read
                  | scrolls when taking damage. [potion of mutation]
 79665 | Depths:4 | Gained mutation: Your flesh is heat resistant. (rF+)
                  | [potion of mutation]
 79665 | Depths:4 | Lost mutation: You are agile. (Dex +2) [potion of mutation]
 79665 | Depths:4 | Gained mutation: You are agile. (Dex +2) [potion of
                  | mutation]
 79740 | Depths:4 | Noticed Vefurheer the pandemonium lord
 79752 | Depths:3 | Noticed Uloegios the pandemonium lord
 79811 | Depths:1 | Noticed a seraph
 80178 | D:1      | Found Qiep's Antique Armour Shoppe.
 80325 | D:1      | Noticed a seraph
 80330 | D:1      | Noticed Yniytwaf the pandemonium lord
 80331 | D:$      | Escaped with the Orb!

Illustrated notes #.#..## #..# #.# #.#F.# #>.#####.# #.#..# #........# #.#..# ##.#####.# #.#..#######.## #.# #.#...........# #.# # #.####..#..### #.# #.#.###.#...#..###.# #>.@R.....#....##).. ###.##..#...#.....#. ...####..#..####... ##### ##..#######.# #........... ########.........# #................. #.######.######### #.# Turn 6841 on D:7: oh ##### ##...### #......## #..##...## ∆ #...##.††### ∆ ##..####.†.## #...####...# #....# #..## #∩..####R@# ##..∩##..## #####†....# ##†#....# ## ##### { Turn 11053 on IceCv: oh my god #...## #..## ..## .## ## ### # ###### ##)## # ##≈#≈≈## ##R#.## ##≈≈≈≈≈≈## ###### #R#.#.# ##≈≈≈≈≈≈≈≈####.R@.#####.#.## ≈≈≈≈≈≈≈≈≈≈..∩...#...##.#.## ≈≈≈≈≈≈≈≈≈≈≈#######....#### ###..####### ####...## #≈≈≈##...### ##...### ≈≈≈#≈..##..## ##....# ≈#≈≈.#####..# ##R....# ####....#..##########....### #.....#.R#...##.[†##...### Turn 12075 on IceCv: oh

......................###........
'#.....############....#.........
.#.....#..........#....#........[
.#.....+........[.#..............
.#.....#..........#..............
.#######..........#..............
..................###...##'####..
....................#..[#.....#)[
................@R..#...#.....#..
######..########....'...#.....#..
.....#..#......#....##..#######..
.....#..#......#.....#.......[[..
.....#..#....[.#.....#..########.
##'###..#......##....#..#..#.≈.R.
........#.......#....#..#......#.
##......'.......#....#..####.####
.#......#########....#...# #...#.


Turn 26576 on D:15: lol ...........#... ............... ..o.....$......
............... .o..o..o....... ......o........ >.^............ .......@.# ∆
.....o.R.....# ............#.. .............# ............## ........#..##
.....#...### .......^o Turn 26771 on Orc:1: oh ##. #... ##∩.#..... #.....#..#
#∩.#..4. ## #...#o...## #).).#...## #)))o.{..# #)R## ##@)## ##..## ##..## {
##.)## {{{ ##..## { ##..## ##..## ##...## #.....# Turn 27480 on Orc:2: >:)
........###..###...###........... .......###..###.#.#.###..........
......###..###...#R..###......#.. .....###..###...###...###...^....
.#..###..###...##.##...###....... ..####........##...##...####.....
..###.)..#...##..#..##...####...# .###...#..))##..###..##.#.###...#
###∩.#.....##..#@.##.......###.## ##.....#.)##....R.∩##)#.....####
##∩.#..)..##..#∩.##...)...## ##...#..).##..###..##.#.## ##).))#)..##))#..##R).##
##))))....##)..##.))## ##))###...##.##)))## ##))###...###)).## ##..###).R#.).##
Turn 28950 on Orc:2: wow ...........### ##...#...#.# .............##
##.?....##### ..............####....<..# ...............#........##
.......##......#.....#### #.#.#..##............# ##########...........##
###........#.# ##...@..#### ###....R...## ##...........## ##......#......##
##......##.......### ##.......#####.....P# #.......## #......# ###..(...##
##......## #........# #.......P# Turn 29203 on Lair:1: woot
≈≈≈≈≈≈≈≈≈≈≈.........≈≈≈≈≈≈≈ ≈≈≈≈≈≈≈≈.....)##...≈≈≈≈≈≈≈≈
≈≈≈≈≈≈≈≈≈.....#...≈≈≈≈≈≈≈≈≈ ≈≈≈≈≈≈≈...÷.......≈≈≈≈≈≈≈≈≈
≈≈≈≈≈≈≈≈≈...).....≈≈.≈≈≈≈≈≈ ≈≈≈≈≈≈≈≈≈........##..≈≈≈≈≈≈
≈≈≈≈≈≈≈≈≈≈....≈≈..##.≈≈≈≈≈≈ ≈≈≈≈≈≈≈≈≈...≈≈≈≈....≈≈≈≈≈≈≈
≈≈≈≈≈≈≈≈..@...≈≈≈...≈...≈≈≈ ≈≈≈≈≈≈≈≈.###...≈≈≈..≈...≈≈≈ ≈≈≈≈≈≈≈..#
#...≈≈≈≈≈≈...≈≈≈ ≈≈≈≈≈≈P.>####...≈.≈≈≈....≈≈ ≈≈≈≈≈≈PP.......≈..≈≈....≈≈≈
≈≈≈≈≈≈P.......≈≈≈≈≈≈≈≈≈≈≈≈≈ ≈≈≈≈≈≈...≈≈..≈≈≈≈≈≈≈≈≈≈≈≈≈≈
≈≈≈≈≈≈≈..≈≈..≈≈≈≈≈≈≈≈≈≈≈≈≈≈ ≈≈≈≈≈PP...##..≈≈≈≈≈≈≈≈≈≈≈≈≈ Turn 32045 on Shoals:3:
hmm ##.#.........#....... ##.....#............ #...................
##.###.............. ### ###............ #........)))). ##......#..))..
#######..........)).. ##.##@###.#........... #....R)#####.......... ##.....#
##.#.#....... ##...####....#....... #......##.)[......... ##.#......[..........
####................ ##............... ##.............. Turn 32403 on Orc:2: ow
#..##.##...)###.##.# #... #.....#..)...#####.# #... #..##.#......# #.# #...
#.....##...)## #.# #### #..##.###..## #.# #.....############.##
#...............#.[.## #...............R>...# ##.............@[.).##
#.......##...##.#.########## ##...........##...)........#
#.....###.######.########.# ##..### #.# ##'## #.# #....# #.# ##...## ####.####
#.##[###.# ##.....###........ #.##).##.###.......##.##..##.
#.##...#.##.........#.##..)#. Turn 34787 on Elf:1: hmm
≈≈≈≈≈≈≈≈≈≈≈.........≈≈≈≈≈≈. ≈≈≈≈≈≈≈≈≈≈≈≈.)##...≈≈≈≈≈≈≈≈
≈≈≈≈≈≈≈≈≈≈≈≈≈.#..≈≈≈≈≈≈≈≈≈≈ ≈≈≈≈≈≈≈≈≈≈......≈≈≈≈≈≈≈≈≈≈≈
≈≈≈≈≈≈≈≈≈...)≈...≈....≈≈≈≈≈ ≈≈≈≈≈≈≈≈≈≈≈≈.≈≈..##...≈.≈≈≈
≈≈≈≈≈≈≈≈≈≈≈≈≈≈≈≈≈.##..≈≈≈≈≈ ≈≈≈≈≈≈≈≈≈≈R.≈≈≈≈≈....≈....≈
≈≈≈≈≈≈≈≈≈.@..≈≈≈≈.......... ≈≈≈≈≈≈≈≈.###..≈≈≈≈......≈≈≈ ≈≈≈≈≈≈≈≈.#
#..≈≈≈≈≈......≈≈ ≈≈≈≈≈≈P.>####.≈≈≈≈≈≈......≈ ≈≈≈≈≈≈PP......≈≈≈≈.......≈≈
≈≈≈≈≈≈P≈......≈≈≈≈......≈≈≈ ≈≈≈≈≈≈≈..≈≈..≈≈≈≈≈.....≈≈≈≈
≈≈≈≈≈≈≈..≈≈≈≈≈≈≈≈≈..≈.≈≈≈≈≈ ≈≈≈≈≈PP...##.≈≈≈≈≈≈≈≈≈≈≈..≈ Turn 40410 on Shoals:3:
OW *,,,,,,*,,,,,,* *,,,,,, *,,,,,,+,,,,,,* *,,,,,, *,,,,,,*,,,,,,* *,,,,,,
***+******,,,,,,* *,,,,,, *,,,,,,***,,,,,,* *,,,,,, *,,,,,,,**,,,,,,* *,,,,,,
*,,,,,,,,********### *,,,,,, *,,,,,,∩,*######...###*******
*,,,,,,,,*#.@R...©....,,* *,,,,,,,**#.##########*,* ** *,,,,,,** #.#,,,,©....*,*
,*****++**** #.#,,,,,....*,* ,*,,,,,,,*#####.#,,,,∆,...*,*****
,*,,,,,,,*#.....#,,,,,,,..*,,,,,* ,*,,,,,,,*#.#####,,,,,,,,.*****,*
,*,,,,,,,*#.# *******,******* *,* ,+,,,,,,,*#.# *******,******* *,* Turn 40801
on Vaults:1: oooh #.......#....... #.....).#....... #....†).#.......
#....))†'....... ########'####....... #.........###+###+## #....>....#.........
#...S.....#......... #..@R.....+......... #.........#.........
#.........#......... ###########......... #......... #......... #.........
#......... ######### #......... Turn 41103 on Vaults:1: oh ..........#,,,,∆,,,*
#.#####.#.#**###+##### #...#...#.# #.......# #.######### #.......# R.).....#.#
#.......# #########.# #.......# ....÷.....# #.......# ..........# #.......#
....[)....# #..@....# ##'######## #.[R)...# ....# #.......#
...^###########'###### ....##............# ....##.!...[......#
....##............# ....##............# ....##............# Turn 41945 on
Vaults:1: sick ......## #.#....©....#.# #.... #''#### #.#.........#.# #....
....######.#.........#.######.... ....##.....#.........#.....##....
....##.#####.........#####.##.... ....##.# #######.####### #.###### ....##.#
#######.####### #.# #. ....##.# #T#####R#####T# #.# #. #'####.# #.#####@#####.#
#.# #. ....##.# #.#####.#####.# #.# #. ....##.# #OB####.####Jp# #.# #. ....##.#
#pp####.####ec# #.# ## ....##.# #pH####.####pk# #.# #. ....##.# #ec####.####sC#
#.# #. ....##.# #.#####.#####X# #.# #. ....##.# ######BTC###### #.# #. ....##.#
******,,,****** #.# #. Turn 46162 on Vaults:1: oh ......## #.#....©....#.# #....
#''#### #.#.........#.# #.... ....######.#.........#.######....
....##.....#.........#.....##.... ....##.#####.........#####.##.... ....##.#
#######.####### #.###### ....##.# #######.####### #.# #. ....##.#
#.#####R#####.# #.# #. #'####.# #.#####@#####T# #.# #. ....##.# #.p####.####pk#
#.# #. ....##.# #TcH###.###ecC# #.# #. ....##.# #.p#.##.##J#pG# #.# ## ....##.#
#.e##p#e#.##X.# #.# #. ....##.# #..###O[.###..# #.# #. ....##.# #.#####B#####.#
#.# #. ....##.# ######cC.###### #.# #. ....##.# ******,,,****** #.# #. Turn
46173 on Vaults:1: ow .......###.###########.# #.... ......## #.#....©....#.#
#.... #''#### #.#.........#.# #.... ....######.#.........#.######....
....##.....#.........#.....##.... ....##.#####.........#####.##.... ....##.#
#######.#.##### #.###### ....##.# #######..###### #.# #. ....##.#
#.#####@#####T# #.# #. #'####.# #.####..#####k# #.# #. ....##.# #..##.#R####C.#
#.# #. ....##.# #..e.##p###pp.# #.# #. ....##.# #..Tc..HJ.c#X.# #.# ## ....##.#
#..##.#p#e##S.# #.# #. ....##.# #..###p[B###..# #.# #. ....##.# #.#####)#####.#
#.# #. ....##.# ######cC.###### #.# #. Turn 46180 on Vaults:1: oops
.......###.###########.# #.... ......## #.#....©....#.# #.... #''####
#.#.........#.# #.... ....######.#.........#.######....
....##.....#.........#.....##.... ....##.#####.........#####.##.... ....##.#
#######...##### #.###### ....##.# #######...##### #.# #. ....##.#
#.#####@##.##.# #.# #. #'####.# #.##.......T#.# #.# #. ....##.# #..##.#.####k.#
#.# #. ....##.# #...)##)###...# #.# #. ....##.# #....).)Cy.#..# #.# ## ....##.#
#..##.#)#p##..# #.# #. ....##.# #..###.[.###..# #.# #. ....##.# #.#####)#####.#
#.# #. ....##.# ######cC.###### #.# #. Turn 46199 on Vaults:1: ok
#......#......# #.......#... #......'......# #.....[.#... #......#R.....#
#.......#... ##'######......# #.......#... ......###......# #.......#...
.......##......# #.......#... ........########### #.......'...
........#######...############... ........##......@......# ##'##
.......###.###########.# #.... ......## #.#....C....#.# #.... #''####
#.#.........#.# #.... ....######.#.........#.######....
....##.....#.........#.....##.... ....##.#####.........#####.##.... ....##.#
#######....#### #.###### ....##.# #######....#### #.# #. Turn 46308 on Vaults:1:
hmm #####......# #.......#....... ..###......# #.......#....... ...##......#
#.......#.....>. ....########### #.......'.......
....#######...############....... ....##......©......# ##'####+#
...###.###########.# #........ ..## #.#....©.§..#.# #........ ###
#.#......C.@#.# #........ ######.#......§..#.######........
##.....#.......§Y#.....##........ ##.#####.......§.#####.##........ ##.#
#######....#### #.#######'## ##.# #######...k#### #.# #..... ##.#
#.#####.##..#.# #.# #..... ##.# #.##........#.# #.# #..... ##.# #..##.#.####..#
#.# #.###. Turn 46319 on Vaults:1: hmmmmmm ......##......# #.......#....
.......########### #.......'.... .......#######...############....
.......##......©......# ##'### ......###.###########.# #..... .....##
#.#....©....#.# #..... ''#### #.#.........#.# #.....
...######.#......C..#.######..... ...##.....#.....@D..#.....##.....
...##.#####.........#####.##..... ...##.# #######...k#### #.####### ...##.#
#######....#### #.# #.. ...##.# #.#####.##..#.# #.# #.. '####.# #.##...p....#.#
#.# #.. ...##.# #..##.#.###...# #.# #.# ...##.# #...)##)#.#...# #.# #.# ...##.#
#....).CCp.#..# #.# ### Turn 46323 on Vaults:1: that's bad #'####.#
#.##........#.# #.# #. ....##.# #..##.#.[##...# #.# #. ....##.# #...)##)..#...#
#.# #. ....##.# #....).))..#..# #.# ## ....##.# #..#..#)#..#..# #.# #. ....##.#
#..#.#.[..#...# #.# #. ....##.# #.##.##)°..#..# #.# #. ....##.# ####.#ZZ..##..#
#.# #. ....##.# ####.#Z@..#...# #.# #. ....##.# ####.†RZZ.....# #.# #. ....##.#
####.#####.#### #.# #. ....##.#####"#:#}#).}#####.# ##
....##.....#.####...##.....# #! ##########.#$#!#©.?.(#..#### #. ..#
#.#.##...#.##.## #. ..# #.#|.$.}#!.=#.# #. ..# #.###########.# #. Turn 46464 on
Vaults:1: woot ........##.# #....).))..#..# #.# ........##.# #..#..#)#..#..# #.#
........##.# #..#.#.[..#...# #.# ........##.# #.##.##)...#..# #.# ........##.#
####.#.>..##..# #.# ........##.# ####.#....#...# #.# ........##.#
####.†........# #.# ........##.# ####.#####.#### #.#
........##.#####@#:#}#)..#####.# ........##.....#R####...##.....#
###'##########.#.#!#©...(#..#### #.^...# #.#Z##...#.##.## #.....#
#.#|....#..=#.# #.....# #.###########.# #.....# #......©......# #.....#
######...###### #.....# ####'## Turn 46497 on Vaults:1: >:( .##.#
####.#.>..##..# #.# #.... .##.# ####.#....#...# #.# #.... .##.# ####.†........#
#.# #.#.# .##.# ####.#####.#### #.# #.#.. .##.#####"#.#}#)..#####.# ###.#
.##.....#.####...##.....# #!..[ #######.#.#.#©...(#..#### #.### #.#.##...#R##.##
#.... #.#|....#.@=#.# #.... #.###########.# #.... #......©......# #####'
######...###### #..... ####'## #..... #.....# #..... ##...## #(.... #8...8#
#.[... ##[''## #..... Turn 46552 on Vaults:1: when did I pick that up
........##.# #....).))..#..# #.# ........##.# #..#..#)#..#..# #.# ........##.#
#..#.#.[..#...# #.# ........##.# #.##.##)...#..# #.# ........##.#
####.#.>..##..# #.# ........##.# ####.#....#...# #.# ........##.#
####.†........# #.# ........##.# ####.#####.#### #.#
........##.#####@#.#}#)..#####.# ........##.....#R####...##.....#
###'##########.#.#.#©...(#..#### #.^...# #.#.##...#.##.## #.....#
#.#|....#..=#.# #.....# #.###########.# #.....# #......©......# #.....#
######...###### #.....# ####'## Turn 46571 on Vaults:1: >:(((((((((((((((((( .#
#.....# #... ## ##...## #(.. .# #8...8# #.[. .# ##[''## #... .# #8..[8# #.(. .#
##...## #... .# #..[[.# ######'## ###############R## #........
.....'...#...#..@########........ ..[[.#...#...#...#......#........
.[...#..'#...#'..#......#........ ...[[####.....####......#....[...
.....#.....#.....#......#........ .....#....###....#......'........
.....#.....#.....#......#........ .....####.....####......#........
######..+#...#'..#.....[#........ Turn 46599 on Vaults:1: ok ### ### ##∩## ##@##
#...# #.R.# ###.⌠.#########.⌠.##### ..........'...........+
###.⌠.#########.⌠.##### #...# #...# ##∩## ##∩## ### ### Turn 48447 on Bazaar: oh
PP≈≈..≈)..)[....≈≈≈≈≈≈ ≈≈≈≈...[.<<###...≈≈≈≈≈ P≈≈≈≈..)(### ...≈≈≈≈
≈≈≈≈≈≈^<[######...≈≈≈≈ ≈≈≈≈≈............≈≈≈≈≈ ≈≈≈≈≈(.).........≈≈≈≈≈
≈≈≈≈≈≈≈≈≈.≈..≈≈≈≈≈≈≈≈≈ ≈≈≈≈≈≈≈(≈≈..R.≈≈≈≈≈≈≈≈ ≈≈≈≈≈≈≈≈≈#..@≈≈≈≈≈≈≈≈≈
≈≈≈P≈≈##.#....≈≈≈≈≈≈≈≈ ≈≈≈#P≈ ≈...P.≈≈≈≈≈≈≈≈≈ #≈≈≈...#....≈≈≈≈≈≈≈
....(#.....≈≈≈≈≈≈ ..φ. ........≈≈≈≈ ... ..........≈≈ ... .P#........ Turn 49160
on Shoals:4: oh )........≈≈P≈≈≈≈≈≈P≈≈........#...
.......≈≈≈≈P≈≈≈≈≈≈≈≈P............ .[...≈≈≈≈≈P≈≈≈≈≈P≈P≈...#.........
≈=≈≈##≈≈≈≈≈≈≈P≈≈≈≈≈....#......#.. ≈≈≈≈≈≈≈≈)≈≈≈≈≈≈≈≈≈≈........)..#..
P≈≈≈≈≈≈...≈≈≈≈≈≈≈≈≈.....#.##..P.. P≈≈≈≈≈.....≈≈≈≈≈.....)..#........
#≈≈≈≈≈......≈≈.......≈.......)).. ≈≈≈≈≈≈(###.≈≈...@R...≈...........
≈≈≈≈≈≈.###..≈..........≈≈........ ≈≈≈≈≈≈...........................
≈≈≈≈≈≈≈.≈≈≈..............≈...###. ≈≈≈≈≈≈≈.≈≈≈≈≈≈..........≈≈≈..PP#.
≈≈≈≈≈≈≈))≈≈≈≈≈..........≈≈≈##P..≈ ≈≈≈≈.≈≈≈≈≈≈≈≈..........≈≈≈≈P≈P≈..
≈≈........≈≈≈≈.....≈≈≈≈≈≈≈≈≈≈≈≈.[ ≈≈......)..≈≈)≈≈≈≈≈≈≈≈≈≈≈≈≈P≈.... Turn 49795
on Shoals:4: honestly this is pretty based ngl #..........#...(.##
##...##⌠.⌠##......#### ##..)#######.......... #....'............#..
#..8.)))..)......##.# .# #....'...........##.# #.# ##...#########....#.###.#.#
##..)##8.8## #..).......#.. #........R@# #....#######.# #..8...._..####)..#####
#.# #.........:#...).)....###.# ##...##8.8##...))).).[.....
###########.....<.)).###.# ####.))######.#> #...# ###.### #...# #.{....
#..)###...[.. Turn 50622 on Elf:2: jesus christ ##..)#######..........
#....'............#.. #..8.)))..)......##.# .# #....'...........##.# #.#
##...#########....#.###.#.# ##..)##8.8## #..).......#.. #.........[#
#....#######.# #..8...._.R####)..##### #.# #.........@#...).)....###.#
##...##8.8##...))).).[..... ###########.....<.)).###.# ####.))######.#> #...#
###.### #...# #.{.... #..)###...[.. #..........[. #..)###.).... Turn 50625 on
Elf:2: based #..........#...(.## ##...##⌠.⌠##......#### ##..)#######..........
#....'............#.. #..8.)))..)......##.# #....'...........##.#
##...#########....#.### ##..)##8.8## #..)...... #.....@R..[# #....#####
#..8...._..####)..##### #..........#...).)....# ##...##8.8##...))).).[.
###########.....<.)).# ####.))##### #...# ### #...# #.{ #..)###.. Turn 50632 on
Elf:2: the helmet of swoleness #######.###.# #.........### #........#..#
###.####### #.######...## #.## #.# #.### ##.# # #.# ##.#####.## # #.# #.......#
######## #.# ####.#.## #....... #.# #)#.# #.###### #.# #@#.# #.# #.# #R#.# #.#
#.# ##.#.# #.# #.#########..#.## #.# ## #.##○°.°°°......# #.# *#.
#.#.○#°####.##..# #.# *#.. #.##.### ####### #.###.## ####.* #.##.#* ***,∆..*
#....# Turn 51503 on Elf:3: ow #.# ##...###.## #.# #..)....# ###### #.#
##.#)#.## #..... #.# ###)#.# #.#### #.# ##)#.# #.# #.# ##=)#.# #.# #.# ###.....#
#.# #.######).)....## #.# #.#..())(R@.....# #.# * #.#((.(#)...##..# #.# *#
#.#)).########### #.###. ####.# #.##.# ***,e..* #....# ***,,....*** ####.#
**{,,....e,,***** ##. **,,,,..§.(,,,,,,** ##. *,,,,,,,,,,,,,,,,,*** #.. Turn
51950 on Elf:3: pog #.# ##.#)#.## # #.# ###)#.# # #.# ##)#.# # #.# ##=)#.# # #.#
###.....# # #.######).)....## # #.#..)=))=).....# # #.#().)#)...##..# #
#.#)R@########### # ####○## # ***,(..# # ***,.....#** # **{...e....,*****
**,,...((.(.,,,,,** **,,,.........,,,,,*** **,,,,.........,,,,,,,**
*,,,,,,,,,,,,,,,,,,,,,,* # Turn 52207 on Elf:3: ow #...............
*#.....⌠......... *................ ##............###. #...........### ##
#..........## #..........* #........,** #@##*+**,,* #R.#,,,*,∆** #Z)#∆,,*,,,*
#}[##,∆**,,** #.}.#,,,*,,,*** ## ##(.##,,**,,,,###. #.|)#∆,,**,,,....
##.)##,∆∆***,.... #...##∆,∆,####.. Turn 52345 on Elf:3: pog .## #####.....### ##
#########.......### #.........#####.# # #.######..# #.# ### #.# ####..# #.# ..#
#####.###.##..# #.# #.#####.............# ##.## #...............R..## #...#
#.#########.....@..## #.).# .)# #.........####...#### ### ##.......##.......<.#
# ##### ##.....((......##''## #..[# ##...####....##)...## ##...######..#
####.#......# #............# ###.....⌠# ######...#####...########........
.........# #..........#⌠.)..).. Turn 52566 on Elf:3: oh ......#
......#...#............. ......#...#............. ......#.#.#⌠..#.#.#.#.#.
......#.#.##............ ......#.#.###........... ..[)....#...............
###...#.#............... #.....#......R@....... #...#.#.###...........
#...#.#.##............ #...#R#.#⌠..#.#.#.#.#. #...#...#.............
#...#...#............. #...#######+#+#+#+#+#+ ###.....# { ........#### Turn
56389 on Crypt:3: owned ....##.........##.........#...R..
....##.#.#.#.#.##.........#.###'# ######.........######.....#.#...#
########'###'########.....#.#...# #...................#.....#.#+###
#....#.[.......#....#.....#...... #.......[[.......R..'.....######R
#######[##########'####...#...... #.#.#.#.#.##...#@.....#...#......
.......(...#...#.R....#...#...... .....<.....#...#......#...#......
...........#...#......#...#...... #.#.#.#.#.##...#[.....#...'......
###+########...'......#...'...... ...............########.R.#######
RRRR............(..RR..R....... ............................... Turn 57519 on
Vaults:2: gonna pick up haunt soon ...#########.....................
................................. ....#######......................
...##.....##########............. ..##..###..##......#.............
..#..#####..'......#....#######'# ..#Z..)).##.#......#....#.......#
..#.#.)...#.#.)....#....#.......# ..#.##[.....#..S@..#....#.......#
..'..#####.{#......#....#.......# ..##..# .{######'##....#.......# ...
#....V##............#.......# #### ###'###............#.......#
######.....#............#.......# .#.#.#.....#............#.......#
.....'..>..#............###'##### .#.#.#.....#..................... Turn 57617
on Vaults:2: owned #.# #.#.#.#......###.# #.# #.#.#.#..###...... #.# #.#.#.#..#
#...... #.#####.#.#.#.####...... #.................#.....
#..#'########..##.###.## ##.#.#.....##.#.#.##..## #.#.#'####.#.#...##..##
#.#.#R@..#.#.#.####.^.. #.#.#....#.#.#.# #.... #.#.#....#.#.#.# ##'##
#.#.#...∩#.#.#.# #.## #.#.######.#.#.# ##... #.##.....'.#...####....
#.##########.....##...# #.^...........[[....... #.#.###.####..[..#####. Turn
59383 on Depths:1: OW ....≈§§§§§.............##........
.....≈§≈§§..............#........ ......≈≈≈............;..........#
....(.§≈...........≈≈≈.≈......... ....#..≈............≈≈≈..........
....##§............≈§)......#≈≈.. .....#.............≈.......≈#≈≈..
...........................≈≈≈≈.. .....)..........@R.........≈≈≈≈..
.....##......)..Z..........≈R≈... .....###..#.......^..............
.........###..................... .................................
................................. ..≈........^^....................
.≈≈......^......##............... .≈≈.^..^..^.^..^#...............# Turn 61297
on Depths:2: what the fuck ######### #.....#.# #.##..#.# #....#.# ##..##.#
#....#.# ##.R##.# #.[@.#.## #######..## ##.#.....#.#########
######.#.#...#.##.#.#...# #.......#.#.#.#)#.....#.# .######..#.#.#..#}....#.# {
{#...#.#...#.#.#...# ∆ ∆#).#.#.#..######..# ∆#.#.#.#[#)).....### Turn 61778 on
Depths:2: oh #.....#.###.....∩.....###.. #.....#.......#.(.#........
#.....#.########.########.. #.....#.. #...# ...! ####'#####+# ##.## { .... #.#
#.... #.# #.# #.#)# #.# #.###.#.# ..# # #.....#@###.## + #.###.R)......∩ # #.#
###.###.... {# #.# #.# ## #+# #+# {# #+## #... ##.# Turn 63578 on Depths:3: lol
owned #'#####.. #.# #. #......... #.# ## #.≈≈≈≈≈≈..# #.# # #.≈####≈..# #.## #.≈#
#≈..#T####.. #.≈# #≈..#TT....# #.≈# #≈..# #.# #.≈# #≈..######R#
#.≈####≈..'.....@# #.≈≈≈≈≈≈..######## #.....>...# ########### Turn 63635 on
Depths:3: my god ............. .#.............. ................ #.....J#..#....
##..>........... ................ ...#.......<.... .......@........
.......R........ ................. .........#.##.... .........#####...
.#........##..#.# ..##...........## ................. #................ Turn
67537 on Slime:3: oh sup ......(...... .#.............. ................
#......#..#.... ##..>........... .J.............. ...#...R...<....
.......@........ J.J............. ................. .........#.##....
.........#####... .#........##..#.# ..##...........## .................
#................ Turn 67544 on Slime:3: owned .........*##)##,.#*∆**#..........
.........##?$)##.#∆$(##*,,,...... .......###!=?##..##$)/##*,,......
......###(}/[[#.##!)[)!#**,...... .......##$$[$##..##)|[(#**,......
.......#*#[?#}##.#=#??#**,,,..... ......#########..######**,,,.....
.........#...#.._.#...#.,,,,..... ......##...#^..R@...#...**,......
.......########..#######**....... .......#*#$$#"##.#"#([#**........
.......##|$:?##..##$=(!##........ ......###[}φ)[#.##!}|[[##........
.......###(:/##..##?)$##......... ........###$$)##.#∆}!##..........
.........###?*#..#*$###.......... ..........#####.##**##........... Turn 69792
on Slime:5: yes ............##$$[$##..##)|[(###((
............#*#[?.}....=.??#*#J.. ...........#####..........####.JJ
..............#............#..... ...........##....^...........##..
............####..........#####.. ............###$$."....".([##*...
............##|$:?......$=(!##... ...........###[}@R[....!}|[[##...
............###(:/##..##?)$##.... .............###$$)##.#!}!##.....
..............###?##..##$###..... ...............#####.###*##......
................##.....###....... .................................
................................. ................................. Turn 69976
on Slime:5: yes ..###(}/[[....!)[)!###...........
...##$$[$......)|[(###(((........ ...#*#[?.}....=.??#*#J...........
..#####..........####.JJ......... .....#............#..............
..##....^...........##........... ...####..........#####...........
...###.$."......([##*............ ...##|..?......R@(!##............
..###[}.)[....!}|[[##............ ...###(:.##..##?)$##.............
....###..)##.#!}!##.............. .....###.##..##$###..............
......#####.######............... .......##.....###................
................................. ................................. Turn 70012
on Slime:5: oh my ##......### ##......## ###......## ##P#......# ######
##........## ..#..## #P.......## .....P# ##.......## ......### ##...#...#.#
........## ##.=@...##### .........####...R<..# ..........#........##
..##......#.....#### ..##............# #####...........## ###........#.#
##...?..#### ###........## Turn 70785 on Lair:1: yes ..............>....
.................$..dd ....................qq ......................
#.......[.........dqd. #................qD.d. #.................dq..
#......<...........X.. #...........<.@).d.... #...#+#.#.....))d.....
#...#.8.#......)...... #.###...###........... ###.......##..........
##........$####.....## ##...........# .....# ##...##...##...# .##### #...###.8.#
#... .# Turn 75654 on Zot:2: oh #........# #........# #........# #........#
#........# #........# #........# #........# #.....@..# #...))R).# #...)....#
#........# #........# #........# #........# #........# #........# Turn 76700 on
Zot:3: haha yes ,,,,,,,**** **,** ,,,,,*** **,** ,,,,,* **,** ***** ,,,,,*
***,** *,,,* ****** *,,,,**** *,,,* **,,,,,,,* ****,,,* **,,,,,,,.# *,,,,,,*
#.#####...##**,,⌠,,,* #..R@.......,,,,,,,,, #########...****,,,** *,,,* *,,,*
***** *,,,* *,,,* *,,,* ***** Turn 78407 on Zot:5: shame I never found darkness
*,** #.# #.# #.# # #.# ## #.# ##### .###############.## #...#
......<...........###########...# ...............R@.........^......
........................^.......) ...).........................)...
...^.###.....#.#......########### ##...# #...##.##......# ## ######
#####.######<..# #. # ##.## ##### ##. # ##.## ##.. ##.## ##.## Turn 78660 on
Zot:5: ok **,,,,,,,,,,,D,,,,,^,,,,, *............*.,,,,,,,,,,
*..........*..,,,,∆,,^,,, *▓...........,,,,,,^,,,,* *▓.(.......,,,,,^,,,,***
*▓.......,,,^,,,,**** ▓▓(....##▓▓▓▓▓▓▓▓▓▓▓# ##.(.......^.........##
##^.^(.@R.........##.... *#.................[###.. *.......[............###.
*.................)..# ## *....................# # *..................^.# #
*....................# *......^...........^.# # *#..................## # Turn
78817 on Zot:5: NOPE ....,,,,∆,,^,,,* ********* *,^,,, *..,,,,,,^,,,,** **,,,,
..,,,,,^{{,,*** ***,, .,,,^,,,,**** *** ##▓▓▓▓▓▓▓▓▓▓▓# **** ...^...ddDp.W###
***,,, .......q.##..W.## **,,,,* §.*....§§{###...###########..,***
...........###..@............***, §.....§.)..# ##.............#* *, ...........#
#.............# *, .........^.# ##...........#* *, ........D..# #...........# *,
.........^.# ##..........^## *, ..........## #.............# ** .........##
*#.............#* * ........## #...............* Turn 78908 on Zot:5: fc
,,^,,,,**** ****, ▓▓▓▓▓▓▓▓▓▓▓# ****** .^...dd....### ***,,,^, .....q.##....##
**,,,,**, *....§§{###...###########..,***,, .........###...............***,,,
....§.)..# ##.............#* *,,, .........# #.............# *,,, .......^.#
##..@........#* *,,, ......D..# #..R........# *,,, .......^.# ##...[).....^##
*,,, ........## #....)....(...# **,, .......## ##.............#* **^ ......##
#...............* ** ******* ########.#######* * #..# #.## Turn 79189 on Zot:5:
wow

Levels and vault maps discovered:
D:1:      scummos_arrival_hexagon, layout_loops_ring, serial_shops, shop,
          chequers_ecumenical_altar_simple, minmay_misc_feat_columns,
          minmay_cupped
D:2:      layout_loops_ring, minmay_pentomino_s2
D:3:      layout_basic, amcnicky_altar_gilded
D:4:      layout_loops_ring, uniq_eustachio, uniq_blork_the_orc
D:5:      layout_basic, lemuel_zombie_altar_kikubaaqudgha,
          minmay_temple_entry_tees, minmay_misc_feat_alley
D:6:      layout_rooms, grunt_gozag_statues
D:7:      layout_loops_ring, hex_tiny, uniq_crazy_yiuf_cottage
D:8:      layout_basic, old_standard_altar
D:9:      layout_basic, minitemple
D:10:     layout_rooms, lair_entry_dummy
D:11:     layout_basic, enter_bailey_4, uniq_snorg
D:12:     layout_roguey [special_room_bee], david_orc_2,
          nicolae_wu_jian_wuxing_cycle, uniq_fannar
D:13:     layout_basic, erik_vaults_1, uniq_erolcha
D:14:     layout_big_octagon, kennysheep_doodads, zin_treasury
D:15:     hangedman_depths_entry_try_elsewhere_first, layout_irregular_city,
          tso_metal_star
Temple:   compressed_dpeg_circular_temple
Lair:1:   layout_hall_layers
Lair:2:   layout_hall_layers, minmay_shoals_entry_centaurs,
          portal_ice_cave_entry_pillars_1, infiniplex_staircase_pool_2,
          grunt_megastairs_3
Lair:3:   layout_regular_city, spider_nest_entry_a, grunt_megastairs_4
Lair:4:   layout_roguey, lemuel_fruit_fields, infiniplex_staircase_pool
Lair:5:   layout_hall_layers, patterned_corridor
Lair:6:   grunt_lair_end_beastmaster, layout_regular_city, slime_dummy
Shoals:1: layout_shoals
Shoals:2: layout_shoals, nicolae_shoals_kraken_party
Shoals:3: layout_shoals, uniq_aizul
Shoals:4: shoals_end_grunt_garden, layout_shoals, uniq_polyphemus
Spider:1: layout_spider_delve, uniq_azrael, uniq_roxanne
Spider:2: layout_chambers, nicolae_spider_cling_halls, uniq_frances
Spider:3: layout_spider_delve
Spider:4: grunt_spider_rune_island, special_room, drop_trap,
          nicolae_spider_undead_wolf_pack, uniq_arachne
Slime:1:  layout_caves
Slime:2:  layout_caves
Slime:3:  cheibrodos_slime_lost_civilization_9, layout_caves, uniq_dissolution
Slime:4:  nicolae_slime_pool, layout_caves
Slime:5
Orc:1:    layout_caves, uniq_josephine, uniq_urug
Orc:2:    pf_orc_diabolical, layout_diamond_mine, serial_shops, shop,
          uniq_maurice
Elf:1:    minmay_elf_arrival_plus, layout_loops_corners, hangedman_elf_represent
Elf:2:    elven_hall_of_blades_hangedman_original
          [nicolae_vaults_blade_armed_guards], layout_loops_ring, serial_shops,
          shop, nicolae_elf_theology_debate
Elf:3:    minmay_elf_hall_quartered_circle, layout_loops_ring,
          nicolae_elf_martial_mastery
Vaults:1: dpeg_vaults_monster_box, nicolae_vaults_network_barrier, v_misc_26,
          v_rooms_4, nicolae_vaults_border_crossing, v_misc_28,
          gammafunk_dig_for_victory, layout_vaults_omnibox, enter_trove_1
Vaults:2: nicolae_vaults_back_hallway, hangedman_vaults_hat,
          vaults_mumra_chevron_long, vaults_dpeg_hooks, ontoclasm_vaults_eye,
          nicolae_vaults_sealed_display, vaults_dpeg_ring, v_misc_15,
          vaults_room_hallway, ontoclasm_vaults_gateway,
          nicolae_vaults_rhombus_5, layout_vaults_chaotic_city, uniq_jory
Vaults:3: nicolae_vaults_arrows, v_misc_28, vaults_dpeg_doors,
          ontoclasm_vaults_pinch, vaults_standard_mumra_enter_the_diamond,
          nicolae_vaults_circle_grid_b, vaults_mumra_hex,
          nicolae_vaults_little_squares_2, vaults_room_door_hall,
          ontoclasm_vaults_shuriken, vaults_room_semicircle,
          layout_vaults_big_cross
Vaults:4: ebering_ghost_xom, ontoclasm_vaults_decontamination,
          vaults_room_corners, v_pattern_5, nicolae_vaults_meeting,
          vaults_room_door_ring, hangedman_vaults_restitches,
          vaults_room_semicircle, layout_vaults_omnigrid, serial_shops,
          statue_bzr, shop
Vaults:5: serial_shops, uniq_frederick
Crypt:1:  layout_chaotic_city
Crypt:2:  layout_chaotic_city, glass_columns_a, grunt_ministairs_2,
          due_unseen_surprise, grunt_megastairs_1, lemuel_upstairs_altar
Crypt:3:  church_of_pain_bobbens, layout_chaotic_city
Depths:1: layout_basic, enter_ziggurat_d, hellmouth_1, rand_demon_pan_entry_9,
          cheibrodos_ashenzari_chains, serial_rivers,
          chequers_serial_rivers_micro_a, chequers_serial_rivers_room_a,
          chequers_serial_rivers_micro_b, chequers_serial_rivers_room_a,
          chequers_serial_rivers_marsh, chequers_serial_rivers_room_b,
          abyss_entry_flame_altar, grunt_dithmenos_smoke
Depths:2: minmay_tearing_corner, layout_cave_pools, pan_entry, minmay_holes,
          ploomutoo_gammafunk_ghost_potion_laboratory, pf_hell_entry_tar_river,
          minmay_misc_feat_x, drop_trap, minmay_misc_feat_four_crosses,
          infiniplex_staircase_spiral_double, firewood_loft
Depths:3: minmay_the_grid_3x2 [minmay_the_grid_fan, minmay_the_grid_slots,
          minmay_the_grid_rooms, minmay_the_grid_medium_cups,
          minmay_the_grid_paths, minmay_the_grid_prize_diamond_cup],
          layout_gridlike, abyss_entry, pan_entry, hell_entry,
          nicolae_water_bricks, infiniplex_staircase_trident, minmay_shop_star,
          uniq_sojobo
Depths:4: evilmike_zot_entry_round, layout_cave_shapes, abyss_entry,
          minmay_misc_feat_rugged, hell_entry, hangedman_research_metamorphosis,
          serial_bayou_shore_a
Zot:1:    kennysheep_bubbly, layout_basic
Zot:2:    layout_basic, grunt_megastairs_5, uniq_tiamat
Zot:3:    layout_cellular_growth, hangedman_zot_diagonal_lockstep,
          grunt_ministairs_5
Zot:4:    layout_concentric_octagons, basic_altar, ebering_ghost_xom
Zot:5:    layout_misc_corridors

Skill      XL: |  1  2  3  4  5  6  7  8  9 10 11 12 13 14 15 16 17 18 19 20 21 22 23 24 25 26 27 |
---------------+----------------------------------------------------------------------------------+-----
Stealth        | 10 11 12 13 14 15 16 17 18 19 21 | 21.1
Invocations    | 1 2 3 4 5 6 7 8 9 10 11 12 13 14 15 16 17 18 20 | 20.8
Short Blades   | 1 2 3 4 5 6 7 8 9 10 11 12 13 14 15 16 17 19 | 19.3
Long Blades    | 1 2 3 4 5 6 7 8 9 10 11 12 13 14 15 16 17 19 | 19.3
Axes           | 1 2 3 4 5 6 7 8 9 10 11 12 13 14 15 16 17 19 20 23 | 23.3
Polearms       | 1 2 3 4 5 6 7 8 9 10 11 12 13 14 15 16 17 19 | 19.3
Staves         | 1 2 3 4 5 6 7 8 9 10 11 12 13 14 15 16 17 19 | 19.3
Slings         | 1 2 3 4 5 6 7 8 9 10 11 12 13 14 15 16 17 19 | 19.3
Bows           | 1 2 3 4 5 6 7 8 9 10 11 12 13 14 15 16 17 19 | 19.3
Crossbows      | 1 2 3 4 5 6 7 8 9 10 11 12 13 14 15 16 17 19 | 19.3
Throwing       | 1 2 3 4 5 6 7 8 9 10 11 12 13 14 15 16 17 20 | 20.6
Armour         | 1 2 3 4 5 6 7 8 9 10 11 12 13 14 15 16 17 19 | 19.3
Shields        | 1 2 3 4 5 6 7 8 9 10 11 12 13 14 15 16 17 19 | 19.3
Unarmed Combat | 1 2 3 4 5 6 7 8 9 10 11 12 13 14 15 16 17 19 | 19.3
Spellcasting   | 1 2 3 4 5 6 7 8 9 10 11 12 13 14 15 17 18 19 22 | 22.9
Evocations     | 1 2 3 4 5 6 7 8 9 10 11 12 13 14 15 16 17 19 | 19.3
Conjurations   | 1 2 3 4 5 6 7 8 9 10 11 12 13 14 16 | 16.4
Hexes          | 1 2 3 4 5 6 7 8 9 10 11 12 13 14 17 | 17.3
Summonings     | 1 2 3 4 5 6 7 8 9 10 11 12 13 14 16 | 16.4
Necromancy     | 1 2 3 4 5 6 7 8 9 10 11 12 13 14 16 | 16.4
Translocations | 1 2 3 4 5 6 7 8 9 10 11 12 13 14 16 | 16.4
Transmutations | 1 2 3 4 5 6 7 8 9 10 11 12 13 14 16 | 16.4
Fire Magic     | 1 2 3 4 5 6 7 8 9 10 11 12 13 14 16 | 16.4
Ice Magic      | 1 2 3 4 5 6 7 8 9 10 11 12 13 14 16 | 16.4
Air Magic      | 1 2 3 4 5 6 7 8 9 10 11 12 13 14 16 | 16.4
Earth Magic    | 1 2 3 4 5 6 7 8 9 10 11 12 13 14 16 | 16.4
Poison Magic   | 1 2 3 4 5 6 7 8 9 10 11 12 13 14 16 | 16.4
Maces & Flails | 5 6 7 8 9 10 11 12 13 14 15 16 17 19 | 19.7
Dodging        | 5 6 7 8 9 10 11 12 13 14 15 16 17 19 | 19.7
Fighting       | 7 8 9 10 11 12 13 14 15 16 17 18 20 | 20.2

Action                   |  1- 3 |  4- 6 |  7- 9 | 10-12 | 13-15 | 16-18 | 19-21 | 22-24 | 25-27 || total
-------------------------+-------+-------+-------+-------+-------+-------+-------+-------+-------++-------
Melee: Mace              |    59 |    63 |       |       |       |       |       |       |       ||   122
       Bite              |     7 |     8 |    16 |    50 |    62 |    90 |   119 |    59 |   233 ||   644
       Flail             |       |    19 |    98 |       |       |       |       |       |       ||   117
       Punch             |       |     1 |     1 |     1 |       |       |       |       |       ||     3
       Spear             |       |       |    75 |   563 |   755 |   867 |       |       |       ||  2260
       Demon trident     |       |       |       |       |       |   299 |  1212 |   776 |  1817 ||  4104
 Fire: Hunting sling     |       |       |    41 |    65 |   107 |    25 |       |       |       ||   238
       Fustibalus        |       |       |       |       |       |    23 |    23 |    77 |    88 ||   211
Throw: Boomerang         |     1 |     3 |     9 |       |     3 |    61 |       |       |       ||    77
       Dart              |       |       |       |    20 |     8 |       |       |       |       ||    28
       Javelin           |       |       |       |       |       |     5 |    22 |    14 |    54 ||    95
       Throwing net      |       |       |       |       |       |       |     2 |       |       ||     2
 Cast: Confusing Touch   |       |       |       |       |    14 |    27 |     2 |       |       ||    43
       Vampiric Draining |       |       |       |       |     7 |    51 |    35 |    12 |    22 ||   127
       Animate Skeleton  |       |       |       |       |     3 |    40 |       |       |       ||    43
       Olgreb's Toxic Ra |       |       |       |       |       |    37 |    66 |     7 |       ||   110
       Summon Small Mamm |       |       |       |       |       |     3 |       |       |       ||     3
       Summon Mana Viper |       |       |       |       |       |     7 |    10 |     2 |     2 ||    21
       Metabolic Englaci |       |       |       |       |       |       |    38 |    11 |    30 ||    79
       Lee's Rapid Decon |       |       |       |       |       |       |     8 |     4 |    12 ||    24
       Gell's Gravitas   |       |       |       |       |       |       |     7 |     1 |       ||     8
       Simulacrum        |       |       |       |       |       |       |    30 |    45 |    93 ||   168
       Yara's Violent Un |       |       |       |       |       |       |     1 |     1 |       ||     2
       Iron Shot         |       |       |       |       |       |       |       |    18 |    18 ||    36
       Starburst         |       |       |       |       |       |       |       |    74 |    60 ||   134
       Invisibility      |       |       |       |       |       |       |       |    26 |    46 ||    72
       Dispersal         |       |       |       |       |       |       |       |     3 |     1 ||     4
       Freezing Cloud    |       |       |       |       |       |       |       |     1 |    22 ||    23
       Apportation       |       |       |       |       |       |       |       |       |    21 ||    21
       Blink             |       |       |       |       |       |       |       |       |     9 ||     9
       Haunt             |       |       |       |       |       |       |       |       |    80 ||    80
Invok: Ancestor Life: He |       |       |     1 |       |       |       |       |       |       ||     1
       Idealise          |       |       |       |     1 |       |     4 |     5 |     4 |    26 ||    40
       Recall Ancestor   |       |       |       |       |     2 |     3 |     7 |     7 |    38 ||    57
       Transference      |       |       |       |       |       |       |       |       |     2 ||     2
Evoke: Wand              |       |     4 |     2 |     6 |    10 |    76 |    32 |    47 |    35 ||   212
       Lightning rod     |       |       |       |       |     4 |    10 |     3 |     4 |    18 ||    39
       Condenser vane    |       |       |       |       |       |       |       |     2 |     1 ||     3
       Piece from Xom's  |       |       |       |       |       |       |       |     2 |       ||     2
       Phial of floods   |       |       |       |       |       |       |       |       |     2 ||     2
  Use: Scroll            |     1 |     1 |     3 |     6 |     8 |    23 |    17 |    26 |    34 ||   119
       Potion            |       |     4 |     1 |     4 |     3 |     9 |    13 |     9 |    34 ||    77
 Stab: Sleeping          |     3 |     6 |     7 |    15 |    22 |    29 |    38 |    73 |    93 ||   286
       Distracted        |       |     2 |     3 |     9 |    10 |    23 |    12 |     8 |    46 ||   113
       Confused          |       |       |     2 |     2 |    20 |    30 |    57 |    27 |    59 ||   197
       Petrified         |       |       |       |       |     2 |       |       |       |       ||     2
       Paralysed         |       |       |       |       |       |    55 |    46 |    28 |    42 ||   171
       Invisible         |       |       |       |       |       |       |    11 |    63 |   109 ||   183
       Held in net/web   |       |       |       |       |       |       |     2 |       |       ||     2
Armor: Leather armour    |    29 |     5 |       |       |       |       |       |       |       ||    34
       Ring mail         |       |    33 |    91 |     5 |       |       |   265 |       |       ||   394
       Troll leather arm |       |       |       |   154 |    17 |       |       |       |       ||   171
       Ice dragon scales |       |       |       |       |   259 |   481 |   182 |   105 |   294 ||  1321
       Skin              |       |       |       |       |       |    90 |       |       |       ||    90
Dodge: Dodged            |    53 |    66 |   122 |   254 |   238 |   530 |   478 |   149 |   579 ||  2469
Block: Kite shield       |       |       |       |   170 |   300 |   670 |   606 |   221 |   766 ||  2733
       Reflection        |       |       |       |       |       |       |       |    15 |     4 ||    19

Table legend: (Time is in decaauts)
 A = Elapsed time spent in this place.
 B = Non-inter-level travel time spent in this place.
 C = Inter-level travel time spent in this place.
 D = Time resting spent in this place.
 E = Time spent auto-exploring this place.
 F = Levels seen in this place.
 G = Mean time per level.
                   A        B        C        D        E       F      G
               +--------+--------+--------+--------+--------+-----+--------+
         Total |  78620 |  72184 |   6436 |   6608 |  38474 |  61 | 1288.9 |
       Dungeon |  16976 |  15631 |   1345 |   2018 |  10170 |  15 | 1131.7 |
        Temple |    111 |    102 |      9 |      0 |     56 |   1 |  111.0 |
          Lair |  10181 |   8712 |   1469 |   1292 |   5297 |   6 | 1696.8 |
        Shoals |   4664 |   4171 |    493 |    281 |   1413 |   4 | 1166.0 |
   Spider Nest |   4704 |   4517 |    187 |    141 |   3226 |   4 | 1176.0 |
    Slime Pits |   4037 |   3835 |    202 |    673 |   2006 |   5 |  807.4 |
  Orcish Mines |   2626 |   2210 |    416 |     71 |   1288 |   2 | 1313.0 |
   Elven Halls |   5225 |   4947 |    278 |    641 |   1510 |   3 | 1741.7 |
        Vaults |  10939 |   9514 |   1425 |    366 |   4449 |   5 | 2187.8 |
         Crypt |   3834 |   3732 |    102 |    195 |   2213 |   3 | 1278.0 |
        Depths |   8289 |   7864 |    425 |    625 |   3836 |   4 | 2072.2 |
           Zot |   5233 |   5152 |     81 |    192 |   2490 |   5 | 1046.6 |
        Bazaar |    248 |    248 |      0 |      0 |     49 |   1 |  248.0 |
         Trove |     96 |     96 |      0 |      0 |      0 |   1 |   96.0 |
        Bailey |    333 |    333 |      0 |      0 |    150 |   1 |  333.0 |
      Ice Cave |   1117 |   1117 |      0 |    112 |    317 |   1 | 1117.0 |
               +--------+--------+--------+--------+--------+-----+--------+

Top non-repeatable levels by time:
Depths:2: 2990 daAuts
Vaults:4: 2578 daAuts
Vaults:1: 2495 daAuts
  Lair:6: 2358 daAuts
    D:12: 2231 daAuts
Depths:4: 2156 daAuts
Vaults:5: 2074 daAuts
   Orc:2: 2047 daAuts
Vaults:2: 2033 daAuts
  Lair:5: 2007 daAuts
   Elf:3: 1997 daAuts
 Crypt:3: 1894 daAuts
     D:5: 1842 daAuts
Vaults:3: 1756 daAuts
   Elf:1: 1750 daAuts
